 Dungeon Crawl Stone Soup version 0.30.1-9-gdf580d7c3d (webtiles) character file.

Game seed: 11791888119188401425

2224981 Nonny the Raging Flame (level 27, 127/193 HPs)
             Began as a Tengu Cinder Acolyte on Oct 21, 2023.
             Was a High Priest of Ignis.
             Escaped with the Orb
             ... and 4 runes!
             The game lasted 06:50:00 (85965 turns).

Nonny the Raging Flame (Tengu Cinder Acolyte)      Turns: 85965, Time: 06:50:00

Health: 127/193    AC: 17    Str: 29      XL:     27
Magic:  50/50      EV: 35    Int: 23      God:    Ignis [*****.]
Gold:   5371       SH: 32    Dex: 31 (32) Spells: 17/35 levels left

rFire   + + +        G - +12 long sword of Indomitability {holy, rN+}
rCold   x x .        U - +3 tower shield
rNeg    + + +        Y - +3 salamander hide armour {Flames, rFlCloud rF++ rC--}
rPois   +            V - +1 hat of Resonance {Dex+5}
rElec   +            c - +2 cloak of the Shining Light {*Slow Regen+ Int+6 Dex+4}
rCorr   +            N - +2 pair of gloves "Saelosy" {rElec Str+3 Slay+3}
SInv    .            (boots unavailable)
Will    ++++.        i - macabre finger necklace {Finger+ rN+}
Stlth   ++           O - ring of the Tempest {rF+ rN+ MP+9 Str+6 Slay+2}
HPRegen 1.32/turn    z - ring of Devotion {rPois rF+ Will+ Int+3 Slay+4}
MPRegen 0.32/turn    X - ring of Lohest {rPois rC+ rN+ Will+ rCorr}

%: slow self (1%)
@: flying quickly and evasively, studying Axes, quick
A: beak, talons 3, nimble flight, agile 1, deterioration 1, strong 1, evolution
1, cold vulnerability 1, MP-powered wands
0: Orb of Zot
}: 4/15 runes: barnacled, silver, abyssal, gossamer
a: Renounce Religion, Fiery Armour, Foxfire Swarm


You escaped.
You worshipped Ignis.
Ignis was extremely pleased with you.
You visited 11 branches of the dungeon, and saw 51 of its levels.
You visited the Abyss 1 time.
You also visited: Sewer, Bailey, Gauntlet, Volcano and Wizlab.

You collected 9032 gold pieces.
You spent 3661 gold pieces at shops.

Inventory:

Hand Weapons
 h - the +11 long sword of Fortitude {antimagic, Dex+8}
   (You found it on level 2 of the Vaults)

   Dex:       It affects your dexterity (+8).
 G - the +12 long sword of Indomitability (weapon) {holy, rN+}
   (You found it on level 1 of the Shoals)

   rN:        It protects you from negative energy.
Missiles
 C - 16 atropa-tipped darts
 H - 48 poisoned darts (quivered)
 R - 7 throwing nets
 S - 19 curare-tipped darts
Armour
 c - the +2 cloak of the Shining Light (worn) {*Slow Regen+ Int+6 Dex+4}
   (You found it on level 5 of the Vaults)

   Int:       It affects your intelligence (+6).
   Dex:       It affects your dexterity (+4).
   Regen:     It increases your rate of health regeneration.
   *Slow:     It may slow you when you take damage.
 d - +7 gold dragon scales
 N - the +2 pair of gloves "Saelosy" (worn) {rElec Str+3 Slay+3}
   (You found it on level 4 of the Spider Nest)

   Str:       It affects your strength (+3).
   Slay:      It affects your accuracy & damage with ranged weapons and melee
   (+3).
   rElec:     It insulates you from electricity.
 U - a +3 tower shield (worn)
 V - the +1 hat of Resonance (worn) {Dex+5}
   (You found it in a Gauntlet)

   Dex:       It affects your dexterity (+5).
 Y - the +3 salamander hide armour (worn) {Flames, rFlCloud rF++ rC--}
   (You took it off a deep elf elementalist on level 3 of the Elven Halls)

   Flames:    It surrounds you with flame clouds and enhances your fire magic.
   rFlCloud:  It grants immunity to flame clouds.
   rF:        It greatly protects you from fire.
   rC:        It makes you very vulnerable to cold.
Jewellery
 i - the macabre finger necklace (around neck) {Finger+ rN+}
   (You took it off a fire giant on level 3 of the Depths)

   [amulet of nothing]

   Finger+:   It enables you to equip an extra ring.
   rN:        It protects you from negative energy.
 k - the ring of Yczuz {rC+ AC+4}
   (You took it off a minotaur in a Gauntlet)

   [ring of protection]

   AC:        It affects your AC (+4).
   rC:        It protects you from cold.
 y - the amulet of Tuosejo {Regen+ Str+3 Int+5 Dex+3}
   (You found it on level 15 of the Dungeon)

   [amulet of regeneration]

   Str:       It affects your strength (+3).
   Int:       It affects your intelligence (+5).
   Dex:       It affects your dexterity (+3).
   Regen:     It increases your rate of health regeneration.
 z - the ring of Devotion (right hand) {rPois rF+ Will+ Int+3 Slay+4}
   (You found it on level 5 of the Vaults)

   [ring of willpower]

   Int:       It affects your intelligence (+3).
   Slay:      It affects your accuracy & damage with ranged weapons and melee
   (+4).
   rF:        It protects you from fire.
   rPois:     It protects you from poison.
   Will:      It increases your willpower.
 D - a ring of see invisible
 O - the ring of the Tempest (left hand) {rF+ rN+ MP+9 Str+6 Slay+2}
   (You found it in a wizard's laboratory)

   [ring of magical power]

   Str:       It affects your strength (+6).
   Slay:      It affects your accuracy & damage with ranged weapons and melee
   (+2).
   rF:        It protects you from fire.
   rN:        It protects you from negative energy.
   MP:        It affects your magic capacity (+9).
 X - the ring of Lohest (on amulet) {rPois rC+ rN+ Will+ rCorr}
   (You found it in a Gauntlet)

   [ring of willpower]

   rC:        It protects you from cold.
   rPois:     It protects you from poison.
   rN:        It protects you from negative energy.
   rCorr:     It protects you from acid and corrosion.
   Will:      It increases your willpower.
Wands
 s - a wand of roots (55)
 A - a wand of polymorph (16)
 F - a wand of flame (46)
 I - a wand of charming (80)
 P - a wand of mindburst (18)
 T - a wand of quicksilver (15)
Scrolls
 b - 3 scrolls of magic mapping
 e - 10 scrolls of immolation
 j - 7 scrolls of blinking
 n - 10 scrolls of teleportation
 r - 5 scrolls of poison
 w - 11 scrolls of amnesia
 B - 8 scrolls of fear
Potions
 f - 12 potions of curing
 g - 2 potions of berserk rage
 l - 9 potions of brilliance
 m - 14 potions of mutation
 p - 3 potions of haste
 t - a potion of attraction
 x - 2 potions of cancellation
 J - 5 potions of magic
Miscellaneous
 a - a phial of floods
 u - a box of beasts
 M - a phantom mirror
 Z - a lightning rod (4/4)


   Skills:
 - Level 25.0 Fighting
 + Level 25.1 Long Blades
 - Level 0.2 Ranged Weapons
 - Level 6.0 Throwing
 - Level 19.4 Armour
 - Level 15.0 Dodging
 - Level 12.0 Stealth
 - Level 25.0 Shields
 - Level 4.9 Spellcasting
 - Level 0.2 Summonings
 - Level 4.7 Fire Magic
 O Level 27 Invocations
 - Level 12.0 Evocations


You had 17 spell levels left.
You knew the following spells:

 Your Spells              Type           Power      Damage    Failure   Level
b - Apportation           Tloc           10%        N/A       12%         1
c - Arcjolt               Conj/Air       2%         1d12      97%         5
d - Lee's Rapid Deconstr  Erth           2%         3d5*      97%         5
e - Freezing Cloud        Conj/Ice/Air   2%         6-21      97%         5
f - Passwall              Tmut/Erth      4%         N/A       17%         2

Your spell library contained the following spells:

 Spells                   Type           Power      Damage    Failure   Level
 Scorch                   Fire           82%        2d8       2%          2
 Foxfire                  Conj/Fire      96%        2x1d8     4%          1
 Summon Small Mammal      Summ           28%        N/A       10%         1
 Beastly Appendage        Tmut           10%        N/A       12%         1
 Kiss of Death            Conj/Necr      20%        2d7       12%         1
 Magic Dart               Conj           20%        1d4       12%         1
 Necrotise                Necr           20%        1d5       12%         1
 Shock                    Conj/Air       20%        1d4       12%         1
 Slow                     Hex            20%        N/A       12%         1
 Sting                    Tmut/Pois      20%        1d4       12%         1
 Inner Flame              Hex/Fire       24%        N/A       13%         3
 Call Imp                 Summ           14%        N/A       16%         2
 Blink                    Tloc           10%        N/A       17%         2
 Ensorcelled Hibernation  Hex/Ice        10%        N/A       17%         2
 Lesser Beckoning         Tloc           10%        N/A       17%         2
 Momentum Strike          Conj/Tloc      10%        3d8       17%         2
 Poisonous Vapours        Pois/Air       10%        N/A       17%         2
 Static Discharge         Conj/Air       10%        2-3/arc   17%         2
 Sublimation of Blood     Necr           5%         N/A       17%         2
 Wereblood                Tmut           5%         N/A       17%         2
 Ignite Poison            Fire/Tmut/Pois 19%        N/A       19%         3
 Call Canine Familiar     Summ           7%         N/A       30%         3
 Confusing Touch          Hex            5%         N/A       34%         3
 Gell's Gravitas          Tloc           5%         N/A       34%         3
 Mephitic Cloud           Conj/Pois/Air  5%         N/A       34%         3
 Ozocubu's Armour         Ice            5%         N/A       34%         3
 Portal Projectile        Hex/Tloc       10%        N/A       34%         3
 Spider Form              Tmut/Pois      5%         N/A       34%         3
 Stone Arrow              Conj/Erth      10%        3d7       34%         3
 Swiftness                Air            5%         N/A       34%         3
 Teleport Other           Tloc           5%         N/A       34%         3
 Tukima's Dance           Hex            5%         N/A       34%         3
 Vampiric Draining        Necr           5%         2d6       34%         3
 Vhi's Electric Charge    Tloc/Air       10%        N/A       34%         3
 Flame Wave               Conj/Fire      24%        2d8       38%         4
 Sticky Flame             Conj/Fire      24%        2d5       38%         4
 Summon Lightning Spire   Summ/Air       6%         N/A       71%         4
 Airstrike                Air            2%         2d(1-17)  75%         4
 Anguish                  Hex/Necr       2%         N/A       75%         4
 Cause Fear               Hex            2%         N/A       75%         4
 Dispel Undead            Necr           5%         3d7       75%         4
 Ice Form                 Ice/Tmut       5%         N/A       75%         4
 Leda's Liquefaction      Hex/Erth       2%         N/A       75%         4
 Manifold Assault         Tloc           5%         N/A       75%         4
 Olgreb's Toxic Radiance  Pois           5%         N/A       75%         4
 Passage of Golubria      Tloc           5%         N/A       75%         4
 Petrify                  Tmut/Erth      5%         N/A       75%         4
 Fireball                 Conj/Fire      12%        3d7       75%         5
 Summon Forest            Summ/Tloc      3%         N/A       96%         5
 Summon Mana Viper        Hex/Summ       6%         N/A       96%         5
 Agony                    Necr           5%         N/A       97%         5
 Alistair's Intoxication  Tmut/Pois      3%         N/A       97%         5
 Borgnjor's Vile Clutch   Necr/Erth      2%         N/A       97%         5
 Metabolic Englaciation   Hex/Ice        2%         N/A       97%         5
 Silence                  Hex/Air        2%         N/A       97%         5
 Yara's Violent Unravell  Hex/Tmut       2%         3d3       97%         5
 Death Channel            Necr           2%         N/A       100%        6
 Dispersal                Tloc           2%         N/A       100%        6
 Eringya's Noxious Bog    Tmut/Pois      2%         N/A       100%        6
 Iron Shot                Conj/Erth      2%         9d2       100%        6
 Plasma Beam              Fire/Air       12%        2x1d25    100%        6
 Simulacrum               Ice/Necr       2%         N/A       100%        6
 Starburst                Conj/Fire      12%        6d5       100%        6
 Statue Form              Tmut/Erth      3%         N/A       100%        6
 Summon Cactus Giant      Summ           3%         N/A       100%        6
 Dragon Form              Tmut           2%         N/A       100%        7
 Enfeeble                 Hex            2%         N/A       100%        7
 Haunt                    Necr/Summ      3%         N/A       100%        7
 Malign Gateway           Summ/Tloc      3%         N/A       100%        7
 Monstrous Menagerie      Summ           3%         N/A       100%        7
 Ozocubu's Refrigeration  Ice            2%         4d8       100%        7
 Storm Form               Tmut/Air       2%         N/A       100%        7
 Summon Hydra             Summ           3%         N/A       100%        7
 Borgnjor's Revivificati  Necr           2%         N/A       100%        8
 Discord                  Hex            2%         N/A       100%        8
 Ignition                 Fire           20%        3d7       100%        8
 Infestation              Necr           2%         N/A       100%        8
 Lehudib's Crystal Spear  Conj/Erth      2%         10d2      100%        8
 Maxwell's Capacitive Co  Air            2%         ∞         100%        8
 Necromutation            Tmut/Necr      2%         N/A       100%        8
 Summon Horrible Things   Summ           3%         N/A       100%        8
 Chain Lightning          Conj/Air       2%         3d3       100%        9
 Death's Door             Necr           2%         N/A       100%        9
 Dragon's Call            Summ           3%         N/A       100%        9
 Fire Storm               Conj/Fire      12%        8d3       100%        9
 Shatter                  Erth           2%         3d6*      100%        9


Dungeon Overview and Level Annotations

Branches:
Dungeon (15/15)            Temple (1/1) D:7            Lair (5/5) D:10
 Shoals (4/4) Lair:2       Spider (4/4) Lair:3        Slime (0/5) Lair:4
    Orc (2/2) D:12            Elf (3/3) Orc:2        Vaults (5/5) D:14
  Crypt (3/3) Vaults:2       Tomb (0/3) Crypt:3      Depths (4/4) D:15
    Zot (5/5) Depths:4      Sewer (visited)          Bailey (visited)
Volcano (visited)          WizLab (visited)         Gauntlet (visited)

Altars:
Ashenzari
Cheibriados
Dithmenos
Elyvilon
Fedhas
Gozag
Hepliaklqana
Kikubaaqudgha
Makhleb
Nemelex Xobeh
Okawaru
Qazlal
Ru
Sif Muna
Trog
Uskayaw
Vehumet
Wu Jian
Xom
Yredelemnul
Zin
The Shining One
Jiyva

Shops:
D:1 :   D:14 :   Orc:1 ?   Orc:2 *?*?   Elf:2 [   Vaults:3 ?=?(:   Vaults:4 *
Depths:1 *   Depths:2 (

Portals:
Hell: Depths:1 Depths:2 Depths:3 Depths:4
Abyss: Orc:1 Depths:3
Pandemonium: Depths:2 Depths:4
Ziggurat: Depths:4

Annotations:
Elf:3 exclusion: 8 doors
Zot:5 exclusion: 3 doors


Innate Abilities, Weirdness & Mutations

You have a beak for a mouth.
You have claws for feet.
Your magical nature lets you fly swiftly and evasively.
You are agile. (Dex +4, Str/Int -1)
Your body sometimes deteriorates upon taking damage.
Your muscles are strong. (Str +4, Int/Dex -1)
You have hidden genetic potential.
You are vulnerable to cold. (rC-)
You expend magic power (3 MP) to strengthen your wands.


Message History

You slash Mishrudd!
Mishrudd convulses.
You claw Mishrudd, but do no damage. You peck Mishrudd, but do no damage.
Mishrudd is almost dead.
You barely miss Mishrudd. You claw Mishrudd, but do no damage.
You peck Mishrudd.
Mishrudd is almost dead.
Mishrudd misses you. The rust devil completely misses you.
You block the rust devil's attack.
Unknown command.
You slash Mishrudd!
You kill Mishrudd!
The rust devil disappears in a puff of smoke! x2
You start resting.
HP restored.
You start waiting.
A glowing orange brain comes into view.
You slice the glowing orange brain!! You claw the glowing orange brain!
The glowing orange brain is heavily wounded.
You slice the glowing orange brain!! You claw the glowing orange brain.
You kill the glowing orange brain!
There is a staircase leading out of the dungeon here.
You start waiting.
A neqoxec comes into view.
The neqoxec gestures at you.
Something tries to feed on your intellect!
There is a staircase leading out of the dungeon here.
The neqoxec is engulfed in blazing flames.
The neqoxec gestures at you.
Something tries to feed on your intellect!
There is a fountain of clear blue water here.
You open the neqoxec like a pillowcase!!!
You kill the neqoxec!
A Tzitzimitl comes into view.
There is a staircase leading out of the dungeon here.
Enter note: FOR IGNIS! ;_;7 The Tzitzimitl roars!
The Tzitzimitl calls on the powers of darkness!
Your body is wracked with pain!
Your body deteriorates!
You feel clumsy.
You have escaped!

.....###########.##########.#.###
......#..#.............#..#.#....
..>...#.#...............#.#......
###...##.......#.#.......####.###
#...#......#.#.#[#......# #.# #
###.........##.#.#.##.....# #.# #
.##...#.......⌠#.#⌠.......# #.# #
..#...#..#)#..##○#######..###.# #
..#.......).[.°☼@......1....#.# #
......#..#.#.#°☼°#######..#...###
......#......○⌠.°#⌠.......###.##.
......#......#°#[..##.....# #.##.
..#...#......#.....#......# #.##.
..#...##.......#.#.......## #.##.
..#...#.#...............#.# #.##.
..#...#..#(............#..# #.##.
..#...##########.############....


You could see a Tzitzimitl.

Vanquished Creatures
  5 dread liches (Zot:5)
  5 orbs of fire
  7 ancient liches
  Mennas (Crypt:2)
  2 juggernauts
  A royal mummy (Crypt:3)
  Josephina (Zot:4)
  The ghost of Xenat the Impregnable, a veteran MiGl of Hepliaklqana (Crypt:2)
  The ghost of Udocaklomo the Slayer, a legendary SpHu of Okawaru (Zot:1)
  Parghit (Zot:4)
  10 Killer Klowns
  28 pandemonium lords
  3 caustic shrikes
  The ghost of Sulo Conyim the Unseen, a veteran GnDe of Gozag (Depths:1)
  3 curse toes (Zot:4)
  3 golden dragons
  A golden dragon (shapeshifter) (Vaults:5)
  2 profane servitors
  Nikola (Shoals:1)
  the Enchantress (Depths:4)
  A pearl dragon (Abyss:4)
  4 bone dragons
  12 Tzitzimimeh
  6 electric golems
  Zenata (Vaults:2)
  13 Brimstone Fiends
  Rupert (Lair:3)
  4 hellephants
  14 Ice Fiends
  Mlioglotl (Spider:2)
  9 liches
  18 tentacled monstrosities
  4 titans
  A moon troll (WizLab)
  5 deep elf blademasters
  90 Orb Guardians
  18 Hell Sentinels
  7 quicksilver dragons
  Asterion (Vaults:1)
  Polyphemus (Shoals:2)
  2 acid blobs (Zot:1)
  3 deep elf master archers (Elf:3)
  2 ancient champions
  11 tentacled starspawn
  11 sphinxes
  An eldritch tentacle (Vaults:1)
  8 tengu reavers
  Frances (Spider:1)
  12 death cobs
  13 Executioners
  Agnes (Spider:1)
  12 shadow dragons
  Donald (Shoals:1)
  2 revenants (Crypt:2)
  20 storm dragons
  An azure jelly (Zot:1)
  7 draconian monks
  Roxanne (Spider:3)
  3 demonspawn warmongers
  3 iron dragons
  An emperor scorpion (Spider:4)
  3 daevas
  8 vault wardens
  6 draconian knights
  12 fire giants
  7 frost giants
  11 deep elf sorcerers
  The ghost of fireball365 the Severer, a journeyman HOFi of Gozag (Depths:1)
  10 ghost moths
  11 ghouls
  6 draconian shifters
  10 deep elf elementalists (Elf:3)
  5 draconian scorchers
  4 orc warlords
  4 angels
  14 cacodemons
  4 curse skulls
  Aizul (Vaults:2)
  4 spriggan defenders
  14 ironbound preservers
  12 balrugs
  5 draconian annihilators
  The ghost of pkoi the Grappler, a journeyman DrMo of Dithmenos (Orc:1)
  5 broodmothers
  5 demonspawn corrupters
  4 draconian stormcallers
  25 very ugly things
  28 stone giants
  7 demonspawn blood saints
  4 war gargoyles (Vaults:5)
  13 reapers
  3 quicksilver oozes (Zot:1)
  5 deep elf demonologists
  7 ironbound thunderhulks
  15 green draconians
  An ophan (Abyss:5)
  A starflower (Abyss:4)
  9 black draconians
  8 lorocyprocas
  10 vampire knights
  Azrael (Spider:1)
  2 demonspawn black suns
  A minotaur (Gauntlet)
  6 deep elf annihilators
  10 red draconians
  15 purple draconians
  10 white draconians
  The ghost of elk the Peltast, a journeyman MiFi of Nemelex Xobeh (Shoals:2)
  9 spark wasps
  A spark wasp (shapeshifter) (Vaults:4)
  13 yellow draconians
  2 eidola
  Snorg (D:14)
  6 dire elephants
  6 mummy priests
  10 green deaths
  4 crystal guardians
  7 merfolk impalers
  18 blizzard demons
  7 deep elf death magi
  19 starcursed masses
  15 yaktaur captains
  8 fire dragons
  10 jiangshi
  17 ettins
  7 merfolk javelineers
  7 deep elf high priests (Elf:3)
  27 vault guards
  Erolcha (D:9)
  2 entropy weavers (shapeshifter)
  11 entropy weavers
  15 great orbs of eyes
  7 ice dragons
  3 merfolk avatars
  4 spriggan air magi
  16 hell beasts
  5 ogre magi
  A caustic shrike simulacrum (Vaults:1)
  6 hydras
  A jorogumo (Spider:2)
  8 rakshasas
  8 radroaches
  7 catoblepae
  8 centaur warriors
  2 peacekeepers (Vaults:2)
  8 two-headed ogres
  3 ghost crabs (Vaults:1)
  7 ironbound frosthearts
  A bennu zombie (Crypt:3)
  4 death knights
  An anaconda (Depths:3)
  2 alligator snapping turtles
  5 merfolk aquamancers
  A spriggan skeleton (Crypt:3)
  29 dancing weapons
  12 boulder beetles
  18 hell hogs
  9 tengu warriors
  9 death yaks
  5 deep troll shamans
  10 vampire magi
  16 deep troll earth magi
  An orc high priest (Orc:2)
  5 spriggan berserkers
  3 satyrs
  A naga sharpshooter (Depths:1)
  35 sun demons
  A quicksilver ooze zombie (Crypt:3)
  10 thrashing horrors
  A hell knight (Vaults:1)
  Nergalle (D:11)
  12 deep elf knights
  3 skysharks
  14 soul eaters
  8 spriggans
  10 iron trolls
  7 pharaoh ants
  2 sun moths
  2 shadow wraiths
  A bunyip zombie (Crypt:3)
  3 cherubim
  18 sixfirhies
  32 skeletal warriors
  4 wretched stars
  2 death drakes (Depths:2)
  9 flayed ghosts
  An orange crystal statue (WizLab)
  34 deep trolls
  13 sea snakes
  8 orb spiders
  2 spriggan druids (Depths:3)
  14 shadow demons
  A storm dragon skeleton (Vaults:1)
  A quicksilver dragon simulacrum (Depths:1)
  14 ironbound convokers
  A spatial maelstrom (Abyss:5)
  12 deep elf archers
  A swamp dragon (Abyss:5)
  13 glowing orange brains
  Pikel (D:7)
  5 bog bodies
  19 phantasmal warriors
  7 wizards
  7 lindwurms
  4 orc knights
  21 deep elf pyromancers
  11 steelbarb worms
  10 orc sorcerers
  23 harpies
  4 necromancers
  A spriggan simulacrum (Abyss:3)
  A shadow dragon skeleton (Vaults:1)
  24 deep elf zephyrmancers
  2 harpies (shapeshifter)
  29 ugly things
  25 wolf spiders
  A stone giant zombie (Crypt:3)
  A sphinx zombie (Vaults:3)
  A moth of wrath (shapeshifter) (Vaults:5)
  3 salamanders (Volcano)
  3 worldbinders
  A wolf spider zombie (Crypt:2)
  15 manticores
  A shining eye (D:7)
  8 fauns
  A goliath frog skeleton (Crypt:2)
  A frost giant skeleton (Crypt:2)
  A sphinx skeleton (Vaults:1)
  11 cyclopes
  9 elephants
  2 oklob plants (Lair:3)
  3 toenail golems
  A guardian serpent (Depths:1)
  21 moths of wrath
  6 water nymphs
  7 merfolk sirens
  22 vault sentinels
  10 rust devils
  8 demonic crawlers
  20 smoke demons
  3 naga magi (Vaults:1)
  2 black mambas
  12 torpor snails
  2 apocalypse crabs (Abyss:5)
  A titan simulacrum (Abyss:3)
  5 eyes of devastation
  19 cane toads
  A cane toad (shapeshifter) (D:15)
  22 orange demons
  11 hellions
  20 large abominations
  4 gargoyles
  A swamp worm zombie (Crypt:2)
  9 tormentors
  6 rime drakes
  7 freezing wraiths
  9 komodo dragons
  16 yaktaurs
  An unseen horror zombie (Crypt:2)
  2 kobold demonologists (D:11)
  5 efreet
  10 unseen horrors
  A catoblepas zombie (Crypt:1)
  A golden dragon simulacrum (Vaults:1)
  31 guardian mummies (Crypt:3)
  10 ice devils
  A white draconian skeleton (Crypt:3)
  A harpy zombie (Crypt:3)
  5 ancient zymes (Abyss:5)
  8 red devils
  A queen bee (Lair:3)
  5 trolls
  A yaktaur skeleton (Vaults:3)
  8 tengu conjurers
  A shadow dragon simulacrum (Zot:4)
  A troll (shapeshifter) (Orc:1)
  Grinder (Sewer)
  31 merfolk
  9 wind drakes
  27 tarantellas
  10 hornets
  12 polar bears (Lair:5)
  12 meliai
  7 saltlings (Orc:2)
  3 tyrant leeches (Lair:5)
  14 hellwings
  4 raiju
  9 snapping turtles
  12 blink frogs
  A boulder beetle zombie (Crypt:2)
  16 dream sheep
  An ice dragon zombie (Crypt:2)
  A draconian simulacrum (Zot:4)
  A death drake skeleton (Crypt:1)
  15 flying skulls
  28 jumping spiders
  2 centaur simulacra (D:15)
  20 water elementals
  4 vampires (Crypt:1)
  39 slime creatures
  21 culicivoras
  2 air elementals
  2 wyverns
  7 wraiths
  13 ynoxinuls
  A shadow (D:11)
  16 golden eyes
  4 fire elementals
  A hog (Vaults:1)
  78 yaks
  Grum (D:8)
  8 basilisks
  15 neqoxecs
  A redback (shapeshifter) (Vaults:3)
  5 ushabtiu (Crypt:3)
  12 chaos spawn
  4 fire bats
  19 small abominations
  6 vampire mosquitoes (D:12)
  3 steam dragons
  A black draconian simulacrum (Zot:4)
  74 redbacks
  5 spatial vortices
  7 wargs
  A naga (Depths:1)
  An ogre zombie (Vaults:3)
  An acid dragon (shapeshifter) (Vaults:5)
  A deep troll skeleton (Crypt:3)
  50 hell hounds
  2 acid dragons
  13 water moccasins
  38 orc warriors
  A swamp drake (D:12)
  4 ice beasts
  A sky beast (D:7)
  14 black bears
  A human zombie (Vaults:3)
  5 boggarts
  A wolf (shapeshifter) (Vaults:5)
  14 centaurs
  10 ogres
  29 wolves
  A rime drake zombie (Crypt:3)
  A lemure (D:7)
  12 bullfrogs
  5 kobold brigands
  A glowing shapeshifter simulacrum (Vaults:1)
  A gnoll sergeant (D:9)
  5 scorpions
  4 earth elementals
  11 necrophages
  A wyvern skeleton (Crypt:2)
  14 wights
  A hornet simulacrum (D:14)
  A water moccasin skeleton (Crypt:3)
  38 killer bees
  A vampire bat (Vaults:1)
  5 electric eels
  9 howler monkeys
  A troll skeleton (Crypt:1)
  A quasit (Sewer)
  11 orc priests
  4 jellies
  6 hounds
  A human skeleton (Crypt:1)
  2 iguanas
  23 orc wizards
  A statue (D:13)
  A boggart skeleton (Crypt:1)
  A deep dwarf zombie (Crypt:2)
  A tengu zombie (Crypt:3)
  15 mummies (Crypt:3)
  7 gnolls
  8 adders
  5 river rats
  5 shadow imps
  3 white imps
  6 ufetubi
  4 worms
  2 dart slugs (D:1)
  87 orcs
  9 ball pythons
  5 bats
  A bat zombie (D:4)
  8 endoplasms
  4 giant cockroaches
  18 goblins
  22 hobgoblins
  2 jackals (D:1)
  32 kobolds
  2 quokkas
  A dart slug zombie (Crypt:2)
  6 frilled lizards
  A giant cockroach zombie (Crypt:1)
  3 kobold zombies (Sewer)
  2 quokka skeletons (Crypt:1)
  12 rats
  A rat skeleton (Crypt:1)
  A rat zombie (D:4)
  9 starspawn tentacles
3304 creatures vanquished.

Vanquished Creatures (others)
  A sphinx (Depths:3)
  A draconian knight (Zot:5)
  A fire giant (Vaults:5)
  A draconian stormcaller (Zot:5)
  A wizard (Vaults:1)
  A deep elf zephyrmancer (Elf:1)
  An orange demon (Lair:1)
  Maggie (D:8)
  A snapping turtle (Shoals:1)
  A golden eye (Zot:1)
  2 moth of wrath simulacra (Zot:4)
  An orc warrior (Orc:2)
  A bullfrog (D:8)
  2 orc wizards
  An endoplasm (Sewer)
  3 ball lightnings (Lair:1)
  A lurking horror (Abyss:4)
  16 starspawn tentacles
37 creatures vanquished.

Grand Total: 3341 creatures vanquished

Notes
Turn   | Place    | Note
-------+----------+-------------------------------------------
     0 | D:1      | Nonny the Tengu Cinder Acolyte began the quest for the Orb.
     0 | D:1      | Reached XP level 1. HP: 14/14 MP: 3/3
   107 | D:1      | Starting vault: layered + in a picture frame
   175 | D:1      | Found Xuteel's Book Shoppe.
   199 | D:1      | Reached XP level 2. HP: 19/19 MP: 4/4
   205 | D:1      | Learned a level 2 spell: Scorch
   282 | D:1      | You fall into a shaft and drop 1 floor!
   314 | D:2      | Identified the +2 robe of Pleasant Breezes {rElec}
   603 | D:2      | Reached XP level 3. HP: 5/23 MP: 0/5
  1284 | D:1      | Reached XP level 4. HP: 28/28 MP: 6/6
  1339 | D:1      | Got the Octavo of the Tempest and Detritus
  2088 | D:3      | Found a faded altar of an unknown god.
  2245 | D:3      | Identified a scroll of acquirement
  2245 | D:3      | Acquired the +3 cloak "Alenutenwa" {-Cast rPois Regen+
                  | Stlth-}
  2454 | D:4      | Gained mutation: Your magical nature lets you fly swiftly
                  | and evasively. [Tengu growth]
  2454 | D:4      | Reached XP level 5. HP: 32/32 MP: 7/7
  2468 | D:4      | Reached skill level 5 in Long Blades
  2569 | D:4      | Learned a level 1 spell: Apportation
  2689 | D:4      | Found an ancient bone altar of Kikubaaqudgha.
  2743 | D:4      | Found a shadowy altar of Dithmenos.
  2986 | D:5      | Entered Level 5 of the Dungeon
  2989 | D:5      | Noticed a centaur
  2993 | D:5      | Noticed a water moccasin
  3012 | D:5      | Killed a centaur
  3013 | D:5      | Reached skill level 1 in Stealth
  3013 | D:5      | Reached XP level 6. HP: 9/37 MP: 8/8
  3020 | D:5      | Killed a water moccasin
  3099 | D:5      | Reached XP level 7. HP: 31/41 MP: 9/9
  3140 | D:5      | Found a glowing drain.
  3155 | Sewer    | Entered a sewer
  3278 | Sewer    | Found a burning altar of Makhleb.
  3323 | Sewer    | Noticed Grinder
  3349 | Sewer    | Paralysed by Grinder for 5 turns
  3376 | Sewer    | Paralysed by Grinder for 2 turns
  3382 | Sewer    | Killed Grinder
  3383 | Sewer    | Reached skill level 1 in Dodging
  3383 | Sewer    | Reached XP level 8. HP: 35/48 MP: 10/10
  3747 | D:5      | Found a sparkling altar of Nemelex Xobeh.
  3991 | D:5      | Found a basalt altar of Yredelemnul.
  4232 | D:5      | Found a faded altar of an unknown god.
  4232 | D:5      | Found a broken altar of Ashenzari.
  4239 | D:5      | Found a white marble altar of Elyvilon.
  4241 | D:5      | Found a glowing golden altar of the Shining One.
  4243 | D:5      | Found a faded altar of an unknown god.
  4390 | D:6      | Found a shimmering altar of Xom.
  4555 | D:6      | Reached skill level 5 in Fighting
  4636 | D:6      | Reached skill level 10 in Long Blades
  4636 | D:6      | Reached XP level 9. HP: 42/54 MP: 11/11
  4768 | D:6      | Noticed a two-headed ogre
  4791 | D:6      | Found a manual of axes over here.
  4816 | D:6      | Killed a two-headed ogre
  5203 | D:7      | Noticed a deep elf zephyrmancer
  5207 | D:7      | a deep elf zephyrmancer changed into a death drake
  5207 | D:7      | Noticed a death drake
  5214 | D:7      | a death drake changed into a shining eye
  5214 | D:7      | Noticed a shining eye
  5217 | D:7      | Gained mutation: You are weak. (Str -2) [a shining eye]
  5220 | D:7      | Killed a shining eye
  5223 | D:7      | Lost mutation: You are weak. (Str -2) [potion of mutation]
  5223 | D:7      | Gained mutation: Armour fits poorly on your strangely
                  | shaped body. [potion of mutation]
  5223 | D:7      | Gained mutation: Your mind is acute. (Int +4, Str/Dex -1)
                  | [potion of mutation]
  5224 | D:7      | Lost mutation: Your mind is acute. (Int +4, Str/Dex -1)
                  | [potion of mutation]
  5224 | D:7      | Lost mutation: Armour fits poorly on your strangely shaped
                  | body. [potion of mutation]
  5224 | D:7      | Gained mutation: Your mind is acute. (Int +4, Str/Dex -1)
                  | [potion of mutation]
  5224 | D:7      | Gained mutation: You are agile. (Dex +4, Str/Int -1)
                  | [potion of mutation]
  5224 | D:7      | Gained mutation: Your mind is very acute. (Int +8, Str/Dex
                  | -2) [potion of mutation]
  5374 | D:7      | Reached skill level 5 in Dodging
  5610 | D:7      | Reached skill level 1 in Armour
  5632 | D:7      | Found a staircase to the Ecumenical Temple.
  5691 | D:7      | Temple entrance: 4 sparkling water fountains
  5692 | Temple   | Entered the Ecumenical Temple
  6018 | Temple   | Temple: flooded ruin
  6130 | D:7      | Found a stormy altar of Qazlal.
  6345 | D:8      | Noticed Pikel
  6485 | D:7      | Killed Pikel
  6486 | D:7      | Reached skill level 1 in Evocations
  6486 | D:7      | Reached XP level 10. HP: 42/63 MP: 12/12
  6789 | D:8      | Noticed Maggie
  6791 | D:8      | Noticed Grum
  6810 | D:8      | Killed Maggie
  6815 | D:8      | Killed Grum
  7377 | D:9      | Found a flagged portal.
  7391 | Bailey   | Entered a bailey
  7494 | Bailey   | Noticed an orc knight
  7495 | Bailey   | an orc knight changed into a cane toad
  7495 | Bailey   | Noticed a cane toad
  7520 | Bailey   | Killed a cane toad
  7590 | Bailey   | Acquired the +9 triple sword "Nonump" {speed, Str+4}
  7674 | Bailey   | Noticed an orc warlord
  7707 | Bailey   | Killed an orc warlord
  7708 | Bailey   | Reached XP level 11. HP: 69/69 MP: 13/13
  7710 | Bailey   | Identified the +4 sling of Imminent Death {drain, MP+9
                  | Dex+4}
  7776 | Bailey   | Acquired a +0 pair of gloves of dexterity
  8048 | D:9      | Noticed Erolcha
  8141 | D:10     | Entered Level 10 of the Dungeon
  8214 | D:10     | Found an opulent altar of Gozag.
  8361 | D:10     | Found a staircase to the Lair.
  8680 | D:11     | Reached skill level 15 in Long Blades
  8699 | D:11     | Noticed Nergalle
  8719 | D:11     | Killed Nergalle
  8720 | D:11     | Reached skill level 5 in Armour
  8771 | D:11     | Noticed a manticore
  8772 | D:11     | Noticed a two-headed ogre
  8885 | Lair:1   | Entered Level 1 of the Lair of Beasts
  8936 | Lair:1   | Noticed a boulder beetle
  8969 | Lair:1   | Reached XP level 12. HP: 75/76 MP: 14/14
  9034 | Lair:1   | Killed a boulder beetle
  9211 | Lair:1   | Reached skill level 10 in Fighting
  9770 | Lair:2   | Noticed a skyshark
  9780 | Lair:2   | Killed a skyshark
  9809 | Lair:2   | Found a staircase to the Shoals.
  9940 | Lair:2   | Found a dark tunnel.
  9946 | Lair:2   | It's in the southeast.
  9981 | Volcano  | Entered a volcano
 10174 | Volcano  | Noticed a two-headed ogre
 10184 | Volcano  | Killed a two-headed ogre
 10185 | Volcano  | Reached skill level 5 in Stealth
 10452 | Lair:2   | Noticed a skyshark
 10460 | Lair:2   | Killed a skyshark
 10516 | Lair:2   | Reached XP level 13. HP: 84/84 MP: 15/15
 11182 | Lair:3   | Found a hole to the Spider Nest.
 11527 | Lair:3   | Noticed Rupert
 12626 | Lair:4   | Reached XP level 14. HP: 91/91 MP: 16/16
 12982 | Lair:4   | Found a viscous altar of Jiyva.
 12983 | Lair:4   | Found a staircase to the Slime Pits.
 13046 | Lair:4   | Found a snail-covered altar of Cheibriados.
 13446 | Lair:5   | Entered Level 5 of the Lair of Beasts
 14545 | Lair:5   | Found a runed translucent door.
 14746 | Lair:5   | Reached XP level 15. HP: 92/98 MP: 17/17
 16590 | D:12     | Found a staircase to the Orcish Mines.
 17054 | D:13     | Found a radiant altar of Vehumet.
 17156 | D:13     | Identified the +3 chain mail of Haytz {rPois SInv}
 17229 | D:13     | Noticed Sonja
 17232 | D:13     | Sonja changed into Sonja the rime drake
 17232 | D:13     | Noticed Sonja
 17234 | D:13     | Killed Sonja the rime drake
 17356 | D:13     | Reached skill level 10 in Dodging
 17859 | D:14     | Found a gate leading to a gauntlet.
 17863 | D:14     | In the southeast.
 17864 | Gauntlet | Entered a Gauntlet
 17864 | Gauntlet | Found a transporter.
 17864 | Gauntlet | Found a transporter.
 17879 | Gauntlet | Found a transporter.
 17880 | Gauntlet | Found a transporter.
 17888 | Gauntlet | Found a transporter.
 17892 | Gauntlet | Found a transporter.
 17900 | Gauntlet | Found a transporter.
 17916 | Gauntlet | Found a transporter.
 17931 | Gauntlet | Found a transporter.
 17935 | Gauntlet | Found a transporter.
 17946 | Gauntlet | Found a transporter.
 17947 | Gauntlet | Found a transporter.
 17998 | Gauntlet | Reached XP level 16. HP: 105/105 MP: 18/18
 18067 | Gauntlet | Identified the +1 hat of Resonance {Dex+5}
 18095 | Gauntlet | Identified the ring of Yczuz {rC+ AC+4}
 18115 | Gauntlet | Identified the ring of Lohest {rPois rC+ rN+ Will+ rCorr}
 18202 | D:14     | Found a gate to the Vaults.
 18285 | D:14     | Noticed Snorg
 18298 | D:14     | Killed Snorg
 18536 | D:14     | Found a stormy altar of Qazlal.
 18539 | D:14     | Found a shimmering altar of Xom.
 18539 | D:14     | Found a glowing golden altar of the Shining One.
 18541 | D:14     | Found a shimmering altar of Xom.
 18541 | D:14     | Found a radiant altar of Vehumet.
 18541 | D:14     | Found a white marble altar of Elyvilon.
 18592 | D:14     | Found Wexochause's Tiny Tomes.
 19117 | D:14     | Reached XP level 17. HP: 112/112 MP: 19/19
 19268 | D:15     | Entered Level 15 of the Dungeon
 19546 | D:15     | Identified the amulet of Tuosejo {Regen+ Str+3 Int+5 Dex+3}
 19548 | D:15     | This is just pandering to me. B)
 19620 | D:15     | Found a staircase to the Depths.
 19719 | D:15     | Reached skill level 15 in Fighting
 20366 | Orc:1    | Entered Level 1 of the Orcish Mines
 20646 | Orc:1    | Found a transporter.
 20703 | Orc:1    | Found Niorgh's Magic Scroll Shoppe.
 20715 | Orc:1    | Bought a scroll of poison for 60 gold pieces
 20715 | Orc:1    | Bought a scroll of teleportation for 45 gold pieces
 20715 | Orc:1    | Bought a scroll of teleportation for 45 gold pieces
 20760 | Orc:1    | Found a transporter.
 20763 | Orc:1    | Noticed pkoi's ghost (journeyman DrMo)
 20773 | Orc:1    | Found a one-way gate to the infinite horrors of the Abyss.
 20960 | Orc:2    | Entered Level 2 of the Orcish Mines
 20996 | Orc:2    | Found a staircase to the Elven Halls.
 21061 | Orc:2    | Reached skill level 5 in Evocations
 21342 | Orc:2    | Paralysed by an orc sorcerer for 2 turns
 21809 | Orc:2    | Never seen this Desolation of Salt ending before.
 21876 | Orc:2    | Found Umyqy's General Store.
 21878 | Orc:2    | Found Sijiosas's Magic Scroll Shoppe.
 21887 | Orc:2    | Found Xenor's Assorted Antiques.
 21947 | Orc:2    | Found Resmaz's Magic Scroll Boutique.
 22156 | Orc:2    | Bought a scroll of blinking for 127 gold pieces
 22156 | Orc:2    | Bought a scroll of enchant weapon for 127 gold pieces
 22156 | Orc:2    | Bought a scroll of noise for 17 gold pieces
 22161 | Orc:2    | Bought a potion of curing for 45 gold pieces
 22161 | Orc:2    | Bought a scroll of immolation for 60 gold pieces
 22179 | Orc:2    | Bought a lumpy diamond amulet for 175 gold pieces
 22180 | Orc:2    | Bought a scroll of noise for 35 gold pieces
 22180 | Orc:2    | Bought a curved jewelled staff for 420 gold pieces
 22180 | Orc:2    | Bought a wand of roots (2) for 168 gold pieces
 22182 | Orc:2    | Bought a purple potion for 31 gold pieces
 22182 | Orc:2    | Bought a pitted halberd for 315 gold pieces
 22182 | Orc:2    | Identified the +1 halberd "Suizuts" {elec, rN++ Str+3
                  | Dex-2} (You bought it in a shop on level 2 of the Orcish
                  | Mines)
 22214 | Orc:2    | Bought a scroll of blinking for 105 gold pieces
 22214 | Orc:2    | Bought a scroll of fear for 56 gold pieces
 22214 | Orc:2    | Bought a scroll of immolation for 56 gold pieces
 22214 | Orc:2    | Bought a scroll of poison for 56 gold pieces
 22214 | Orc:2    | Bought a scroll of teleportation for 42 gold pieces
 22617 | D:9      | Killed Erolcha
 22869 | D:9      | Vault: sandy place
 22955 | Shoals:1 | Entered Level 1 of the Shoals
 22975 | Shoals:1 | Noticed Donald
 22992 | Shoals:1 | Noticed Nikola
 22996 | Shoals:1 | Killed Donald
 23005 | Shoals:1 | Killed Nikola
 23578 | Shoals:1 | Noticed a titan
 23641 | Shoals:1 | Killed a titan
 23647 | Shoals:1 | Identified the +12 long sword of Indomitability {holy, rN+}
 24087 | Shoals:2 | Acquired 590 gold pieces
 24288 | Shoals:2 | Noticed Polyphemus
 24328 | Shoals:2 | Reached XP level 18. HP: 124/124 MP: 20/20
 24659 | Shoals:2 | Found a runed translucent door.
 24666 | Shoals:2 | Noticed elk's ghost (journeyman MiFi)
 24683 | Shoals:2 | Killed elk's ghost
 24707 | Shoals:2 | Got the Codex of Unified Distance
 25111 | Shoals:2 | Killed Polyphemus
 25901 | Shoals:4 | Entered Level 4 of the Shoals
 26795 | Shoals:4 | Reached skill level 10 in Armour
 27382 | Shoals:4 | Got a barnacled rune of Zot
 27749 | Spider:1 | Entered Level 1 of the Spider Nest
 27763 | Spider:1 | Reached XP level 19. HP: 133/133 MP: 21/21
 27979 | Spider:1 | Noticed Agnes
 27981 | Spider:1 | Noticed Azrael
 27991 | Spider:1 | Killed Agnes
 28017 | Spider:1 | Killed Azrael
 28242 | Spider:1 | Noticed Frances
 28357 | Spider:1 | Killed Frances
 28461 | Spider:1 | Identified the +1 scale mail "Weunoaz" {Rampage}
 29668 | Spider:4 | Entered Level 4 of the Spider Nest
 29995 | Spider:3 | Noticed Mlioglotl
 29997 | Spider:3 | Gained mutation: You are frail. (-10% HP) [a neqoxec]
 30308 | Spider:3 | Identified Roxanne's Atlas of Changing
 30308 | Spider:3 | Noticed Roxanne
 31052 | Spider:4 | Found the +10 dark maul {heavy}
 31303 | Spider:4 | Identified the +9 dagger of the Fae God {heavy, rC+}
 31769 | Spider:4 | Reached XP level 20. HP: 129/129 MP: 22/22
 32405 | Spider:4 | Identified the +2 pair of gloves "Saelosy" {rElec Str+3
                  | Slay+3}
 32423 | Spider:4 | Got a gossamer rune of Zot
 32433 | Spider:4 | Identified the +2 pair of gloves of Leaves {+Inv Stlth+}
 32680 | Lair:3   | Killed Rupert
 33040 | Depths:1 | Entered Level 1 of the Depths
 33041 | Depths:1 | Bring on the rElec! Spark Wasps will welcome you to the
                  | Depths. :)
 33127 | Depths:1 | Found a gateway to Hell.
 33145 | Depths:1 | Noticed a bone dragon
 33155 | Depths:1 | Killed a bone dragon
 33175 | Depths:1 | Reached skill level 1 in Throwing
 33279 | Depths:1 | Found a runed translucent gate.
 33283 | Depths:1 | Found a runed translucent gate.
 33290 | Depths:1 | Found a runed translucent gate.
 33290 | Depths:1 | Noticed fireball365's ghost (journeyman HOFi)
 33291 | Depths:1 | Noticed Sulo Conyim's ghost (veteran GnDe)
 33403 | Depths:1 | Found Ceshi's Serpentskin Sales.
 33424 | Depths:1 | Bought a scroll of poison for 72 gold pieces
 34250 | Depths:1 | Killed Sulo Conyim's ghost
 34261 | Depths:1 | Killed fireball365's ghost
 34277 | Depths:1 | Identified the +3 cloak "Zinleo" {+Blink rN+ Will-}
 34406 | Depths:2 | Found Syireu Icko's Weapon Emporium.
 35055 | Depths:2 | Reached XP level 21. HP: 135/135 MP: 23/23
 35109 | Depths:2 | Got the Papyrus of Hoarfrost and Breath
 35130 | Depths:2 | Reached skill level 5 in Throwing
 35222 | Depths:2 | Noticed a juggernaut
 35235 | Depths:2 | Killed a juggernaut
 35349 | Depths:2 | Reached skill level 15 in Armour
 35629 | Depths:2 | Found a one-way gate leading to the halls of Pandemonium.
 35629 | Depths:2 | Gained mutation: Armour fits poorly on your strangely
                  | shaped body. [a neqoxec]
 35634 | Depths:2 | Lost mutation: Your mind is very acute. (Int +8, Str/Dex
                  | -2) [potion of mutation]
 35634 | Depths:2 | Lost mutation: Armour fits poorly on your strangely shaped
                  | body. [potion of mutation]
 35634 | Depths:2 | Gained mutation: Your spells are a little easier to cast,
                  | but a little less powerful. [potion of mutation]
 35634 | Depths:2 | Gained mutation: You are somewhat resistant to further
                  | mutation. [potion of mutation]
 35652 | Depths:2 | Noticed a caustic shrike
 35659 | Depths:2 | Killed a caustic shrike
 36124 | Depths:2 | Southern part of the floor has a giant fortress.
 36709 | Depths:3 | Noticed a caustic shrike
 36881 | Depths:3 | Killed a caustic shrike
 37038 | Depths:3 | Noticed a caustic shrike
 37047 | Depths:3 | Killed a caustic shrike
 37074 | Depths:3 | Playing a bit recklessly.
 37494 | Depths:3 | Lair-themed vault.
 37612 | Depths:4 | Entered Level 4 of the Depths
 37655 | Depths:4 | Noticed a juggernaut
 37694 | Depths:4 | Killed a juggernaut
 37695 | Depths:4 | Reached XP level 22. HP: 105/142 MP: 24/24
 37733 | Depths:4 | Found a one-way gateway to a ziggurat.
 37767 | Depths:4 | Identified the ring of Beiwn {rPois Int+3}
 37925 | Depths:4 | Noticed the Enchantress
 37951 | Depths:4 | Killed the Enchantress
 38052 | Depths:4 | Found a magical portal.
 38058 | Depths:4 | It's in the west; it is not easy to reach, with all of
                  | those spriggans that spawn right next to the exterior.
 38062 | WizLab   | Entered Lehudib's Moon Base
 38433 | WizLab   | Identified the ring "Buiz" {rCorr Str+2}
 38512 | WizLab   | Found a transporter.
 38592 | WizLab   | Found a transporter.
 39157 | WizLab   | Identified the ring of the Tempest {rF+ rN+ MP+9 Str+6
                  | Slay+2}
 39176 | WizLab   | Got Icere's Compilation of Flesh and Virulence
 39556 | Depths:4 | Found a gate to the Realm of Zot.
 39968 | Elf:1    | Entered Level 1 of the Elven Halls
 41226 | Elf:2    | Found an ancient bone altar of Kikubaaqudgha.
 41273 | Elf:2    | Found Zexuku's Armour Boutique.
 41343 | Elf:2    | Found a huge runed translucent gate.
 41343 | Elf:2    | Found a huge runed translucent gate.
 41343 | Elf:2    | Found a huge runed translucent gate.
 41343 | Elf:2    | Found a huge runed translucent gate.
 41343 | Elf:2    | Found a huge runed translucent gate.
 41579 | Elf:2    | Reached XP level 23. HP: 140/150 MP: 25/25
 42083 | Elf:3    | Entered Level 3 of the Elven Halls
 42134 | Elf:3    | Reached skill level 10 in Stealth
 42979 | Elf:3    | Identified the +5 battleaxe of Certain Death {flame, Int+3}
 43388 | Elf:3    | Identified the staff of conjuration "Baqitax" {MP+9}
 43394 | Elf:3    | Identified the ring "Ofeen" {Wiz rElec MP+9 Int+3}
 43468 | Elf:3    | Got the Writings on the Spicy Figure
 43493 | Elf:3    | Identified the +1 quarterstaff "Poerel" {vamp, rCorr}
 43676 | Elf:3    | Got the Vellum of Volcanic Topology
 43732 | Elf:3    | Identified the +5 shortbow of Impatience {drain, Will+}
 43788 | Elf:3    | Identified the +2 scale mail "Xiqeptiopo" {rF++ Will+ Str+3
                  | Stlth+}
 45273 | Vaults:1 | Entered Level 1 of the Vaults
 45273 | Vaults:1 | Noticed Asterion
 45288 | Vaults:1 | Killed Asterion
 45908 | Vaults:1 | Reached skill level 1 in Shields
 45946 | Vaults:1 | Got the Incunable of Points
 46223 | Vaults:1 | Got Imiduh's Compendium of the Congregation
 46438 | Vaults:1 | Reached XP level 24. HP: 151/158 MP: 25/25
 46452 | Vaults:1 | Got Ypim's Omnibus of Transfiguration
 46776 | Vaults:1 | Reached skill level 5 in Shields
 47040 | Vaults:1 | Got Quxicux's Parchment of Zombies
 47434 | Vaults:1 | Got Sif Muna's Monograph on the Boulder
 47863 | Vaults:2 | Noticed Aizul
 47888 | Vaults:2 | Killed Aizul
 48805 | Vaults:2 | Reached skill level 10 in Evocations
 48906 | Vaults:2 | Found a staircase to the Crypt.
 48973 | Vaults:2 | Identified the +11 long sword of Fortitude {antimagic,
                  | Dex+8}
 49527 | Vaults:3 | Noticed Zenata
 49747 | Vaults:2 | Killed Zenata
 50118 | Vaults:3 | Reached skill level 10 in Shields
 50342 | Vaults:3 | Paralysed by a great orb of eyes for 5 turns
 50480 | Vaults:3 | Found Nergh's Book Boutique.
 50676 | Vaults:3 | Found Uhirog's Weapon Boutique.
 50683 | Vaults:3 | Found Jyra's Magic Scroll Emporium.
 50696 | Vaults:3 | Bought a scroll of blinking for 120 gold pieces
 50696 | Vaults:3 | Bought a scroll of blinking for 120 gold pieces
 50696 | Vaults:3 | Bought a scroll of magic mapping for 120 gold pieces
 50696 | Vaults:3 | Bought a scroll of teleportation for 48 gold pieces
 50696 | Vaults:3 | Bought a scroll of noise for 16 gold pieces
 50696 | Vaults:3 | Bought a scroll of teleportation for 48 gold pieces
 50696 | Vaults:3 | Bought a scroll of noise for 16 gold pieces
 50751 | Vaults:3 | You are sucked into a shaft and drop 1 floor!
 51393 | Vaults:4 | Found Ophoagag's Assorted Antiques.
 51455 | Vaults:4 | Bought a scroll of noise for 39 gold pieces
 51455 | Vaults:4 | Bought a scroll of noise for 39 gold pieces
 51455 | Vaults:4 | Bought a scroll of magic mapping for 292 gold pieces
 51455 | Vaults:4 | Bought a wand of mindburst (4) for 218 gold pieces
 51539 | Vaults:4 | Reached XP level 25. HP: 135/162 MP: 25/25
 51869 | Vaults:3 | Found Lappimm's Jewellery Emporium.
 51872 | Vaults:3 | Found Zanui's Magic Scroll Emporium.
 51880 | Vaults:3 | Bought a scroll of blinking for 120 gold pieces
 51880 | Vaults:3 | Bought a scroll of enchant weapon for 120 gold pieces
 51880 | Vaults:3 | Bought a scroll of enchant armour for 120 gold pieces
 51880 | Vaults:3 | Bought a scroll of enchant armour for 120 gold pieces
 51880 | Vaults:3 | Bought a scroll of teleportation for 48 gold pieces
 52120 | Vaults:5 | Entered Level 5 of the Vaults
 52166 | Vaults:5 | Noticed an ancient lich
 52177 | Vaults:5 | Killed an ancient lich
 52672 | Vaults:5 | Identified the +3 spear "Oresibaeco" {antimagic, Contam rF-
                  | Will+ Dex+5}
 53178 | Vaults:5 | Identified the staff of death "Gozezu" {rPois rN+ rCorr}
 53178 | Vaults:5 | Identified the +2 robe of Happiness {Regen+ Dex-3 Slay+2
                  | Archmagi}
 53200 | Vaults:5 | Identified the staff of poison "Rutruorch" {rPois Will+
                  | Str+3 Dex+5}
 53244 | Vaults:5 | Got a silver rune of Zot
 53245 | Vaults:5 | In the southeast quadrant.
 53416 | Vaults:5 | Identified the ring of Devotion {rPois rF+ Will+ Int+3
                  | Slay+4}
 53431 | Vaults:5 | Identified the +8 spear "Beetleslayer" {heavy, Dex+3 SInv}
 53585 | Vaults:5 | Identified the +0 dagger "Xamp" {venom, rC+ Str+3}
 53659 | Vaults:5 | Reached skill level 1 in Invocations
 53757 | Vaults:5 | Identified the +2 cloak of the Shining Light {*Slow Regen+
                  | Int+6 Dex+4}
 53907 | Vaults:5 | Identified the staff of earth "Gint" {Str+2 Int+3 Dex+2}
 53979 | Vaults:5 | Reached skill level 2 in Invocations
 54338 | Crypt:1  | Entered Level 1 of the Crypt
 54368 | Crypt:1  | Reached skill level 15 in Shields
 54940 | Crypt:1  | Found an ancient bone altar of Kikubaaqudgha.
 54947 | Crypt:1  | Reached skill level 15 in Dodging
 55156 | Crypt:1  | Reached skill level 3 in Invocations
 55189 | Crypt:2  | Reached XP level 26. HP: 167/169 MP: 26/26
 55284 | Crypt:2  | Noticed Mennas
 55419 | Crypt:3  | Entered Level 3 of the Crypt
 55822 | Crypt:2  | Reached skill level 4 in Invocations
 55958 | Crypt:2  | Identified the +2 sling "Cunoeneh" {elec, Drain Fly Will+}
 55964 | Crypt:2  | Identified the +0 hand axe "Jefyg" {freeze, Fragile rElec
                  | rC+++ Str-4}
 55975 | Crypt:2  | Identified the +3 pair of gloves of Caoseze {+Inv rElec}
 56074 | Crypt:2  | Found a runed translucent gate.
 56074 | Crypt:2  | Found a runed translucent gate.
 56074 | Crypt:2  | Noticed Xenat's ghost (veteran MiGl)
 56075 | Crypt:2  | Found a runed translucent gate.
 56285 | Crypt:2  | Killed Mennas
 56622 | Crypt:2  | Killed Xenat's ghost
 56646 | Crypt:2  | Identified the +6 glaive "Concordance" {venom, Dex+3}
 56738 | Crypt:3  | Found a staircase to the Tomb.
 56758 | Crypt:3  | Reached skill level 5 in Invocations
 57667 | Crypt:3  | Noticed a royal mummy
 57668 | Crypt:3  | Found a basalt altar of Yredelemnul.
 57709 | Crypt:3  | Killed a royal mummy
 58269 | Crypt:3  | Got the Secrets of the Damned
 58561 | Crypt:3  | Learned a level 5 spell: Arcjolt
 58567 | Crypt:3  | Learned a level 5 spell: Lee's Rapid Deconstruction
 58573 | Crypt:3  | Learned a level 5 spell: Freezing Cloud
 59287 | Spider:2 | Killed Mlioglotl
 59360 | Spider:3 | Killed Roxanne
 59720 | Orc:1    | Killed pkoi's ghost
 59731 | Orc:1    | Reached skill level 6 in Invocations
 59849 | Orc:1    | Voluntarily entered the Abyss.
 59849 | Abyss:1  | Found a corrupted altar of Lugonu.
 59930 | Abyss:1  | Noticed an ancient lich
 59941 | Abyss:1  | Killed an ancient lich
 59964 | Abyss:3  | Found a shimmering altar of Xom.
 59964 | Abyss:3  | Found a shimmering altar of Xom.
 59964 | Abyss:3  | Found a shimmering altar of Xom.
 59964 | Abyss:3  | Found a shimmering altar of Xom.
 59964 | Abyss:3  | Found a shimmering altar of Xom.
 59964 | Abyss:3  | Found a shimmering altar of Xom.
 59964 | Abyss:3  | Found a shimmering altar of Xom.
 59964 | Abyss:3  | Found a corrupted altar of Lugonu.
 59964 | Abyss:3  | Found a shimmering altar of Xom.
 59964 | Abyss:3  | Found a shimmering altar of Xom.
 59965 | Abyss:3  | Found a shimmering altar of Xom.
 59965 | Abyss:3  | Found a shimmering altar of Xom.
 59965 | Abyss:3  | Found a shimmering altar of Xom.
 60014 | Abyss:3  | Gained mutation: Your spells are easier to cast, but less
                  | powerful. [a neqoxec]
 60083 | Abyss:3  | Found a corrupted altar of Lugonu.
 60334 | Abyss:4  | Found a corrupted altar of Lugonu.
 60379 | Abyss:4  | Reached XP level 27. HP: 150/173 MP: 28/28
 60459 | Abyss:4  | Found a corrupted altar of Lugonu.
 60468 | Abyss:4  | Found a corrupted altar of Lugonu.
 60601 | Abyss:5  | Reached skill level 7 in Invocations
 60838 | Abyss:5  | Got an abyssal rune of Zot
 60839 | Abyss:5  | Found a corrupted altar of Lugonu.
 60840 | Abyss:5  | I read a teleport scroll several turns before grabbing it.
                  | I got it on the last possible turn!
 60853 | Abyss:5  | Learned a level 2 spell: Passwall
 60927 | Abyss:5  | Found a corrupted altar of Lugonu.
 60955 | Orc:1    | Escaped the Abyss
 61378 | Zot:1    | Entered Level 1 of the Realm of Zot
 61467 | Zot:1    | Found a runed translucent gate.
 61467 | Zot:1    | Found a runed translucent gate.
 61467 | Zot:1    | Found a runed translucent gate.
 61467 | Zot:1    | Noticed Udocaklomo's ghost (legendary SpHu)
 61724 | Zot:1    | Identified the +5 leather armour "Nexoc" {rC+ Dex+6}
 61926 | Zot:1    | Found a viscous altar of Jiyva.
 62030 | Zot:1    | Killed Udocaklomo's ghost
 62133 | Zot:1    | Got Sif Muna's Elucidation of Refrigeration
 62135 | Zot:1    | Identified the +0 pair of gloves of Hangman {Dex+2}
 62752 | Zot:2    | Reached skill level 8 in Invocations
 63619 | Zot:3    | Noticed an orb of fire
 63623 | Zot:3    | Gained mutation: You are vulnerable to heat. (rF-) [an orb
                  | of fire]
 63632 | Zot:3    | Killed an orb of fire
 63818 | Zot:3    | Lost mutation: You are somewhat resistant to further
                  | mutation. [potion of mutation]
 63818 | Zot:3    | Lost mutation: Your spells are easier to cast, but less
                  | powerful. [potion of mutation]
 63818 | Zot:3    | Gained mutation: You are somewhat resistant to further
                  | mutation. [potion of mutation]
 63819 | Zot:3    | Lost mutation: You are frail. (-10% HP) [potion of
                  | mutation]
 63819 | Zot:3    | Lost mutation: You are vulnerable to heat. (rF-) [potion of
                  | mutation]
 63819 | Zot:3    | Gained mutation: You passively map a small area around you.
                  | [potion of mutation]
 63878 | Zot:3    | Noticed an orb of fire
 63896 | Zot:3    | Killed an orb of fire
 65025 | Zot:4    | Noticed an ancient lich
 65091 | Zot:4    | Identified the ring of Fitiodd {Ice rElec Int+5 Dex-3}
 65091 | Zot:4    | Noticed Josephina
 65106 | Zot:4    | Noticed an orb of fire
 65142 | Zot:4    | Reached skill level 9 in Invocations
 65184 | Zot:4    | Killed Josephina
 65746 | Zot:4    | Noticed Parghit
 66112 | Zot:4    | Gained mutation: Your body sometimes deteriorates upon
                  | taking damage. [an orb of fire]
 66116 | Zot:4    | Killed an orb of fire
 66169 | Zot:4    | Killed an ancient lich
 66912 | Zot:4    | Reached skill level 10 in Invocations
 67180 | Zot:5    | Entered Level 5 of the Realm of Zot
 67248 | Zot:4    | Killed Parghit
 67693 | Zot:5    | HP: 9/193 [Killer Klown/klown pie (23)]
 67702 | Zot:4    | >Gee, I wonder what that pressure plate would do...
 67872 | Zot:5    | Step on the pressure plate over here if you want to SUFFER
                  | MORE.
 68000 | Zot:5    | ON A 3% CHANCE
 68343 | Zot:5    | Noticed an ancient lich
 68354 | Zot:5    | Killed an ancient lich
 68379 | Zot:5    | BLOODY HELL THE TRAP
 68775 | Zot:5    | Noticed a dread lich
 68779 | Zot:5    | Noticed an ancient lich
 68780 | Zot:5    | Noticed a dread lich
 68790 | Zot:5    | Killed a dread lich
 68790 | Zot:5    | Noticed a dread lich
 68827 | Zot:5    | Killed a dread lich
 68828 | Zot:5    | Reached skill level 11 in Invocations
 68836 | Zot:5    | Noticed an orb of fire
 68843 | Zot:5    | Gained mutation: You are vulnerable to heat. (rF-) [an orb
                  | of fire]
 68854 | Zot:5    | Killed an orb of fire
 68862 | Zot:5    | Killed an ancient lich
 68876 | Zot:5    | Killed a dread lich
 68892 | Zot:5    | Noticed an ancient lich
 68893 | Zot:5    | Noticed a dread lich
 68893 | Zot:5    | Noticed an ancient lich
 68898 | Zot:5    | Noticed an orb of fire
 68915 | Zot:5    | Killed an ancient lich
 68923 | Zot:5    | Killed an orb of fire
 68928 | Zot:5    | Killed a dread lich
 68929 | Zot:5    | Reached skill level 12 in Invocations
 68949 | Zot:5    | Killed an ancient lich
 68953 | Zot:5    | Noticed a dread lich
 68980 | Zot:5    | Killed a dread lich
 69981 | Zot:5    | Reached skill level 13 in Invocations
 71382 | Zot:5    | Got the Orb of Zot
 71540 | Zot:1    | Noticed Calalam the pandemonium lord
 71664 | Depths:4 | Reached skill level 14 in Invocations
 72284 | Depths:4 | Reached skill level 15 in Invocations
 72413 | Depths:4 | Noticed Ruus the pandemonium lord
 72435 | Depths:3 | Killed Ruus the pandemonium lord
 72447 | Depths:3 | Noticed Higiunu the pandemonium lord
 72831 | Depths:1 | Reached skill level 16 in Invocations
 73032 | Depths:1 | Noticed Kochesti the pandemonium lord
 73147 | D:15     | Noticed Tosip the pandemonium lord
 73168 | D:15     | Killed Tosip the pandemonium lord
 73241 | D:15     | Noticed Xonottihyost the pandemonium lord
 73252 | D:15     | Killed Xonottihyost the pandemonium lord
 73380 | D:15     | Reached skill level 17 in Invocations
 73531 | D:15     | Noticed Kozayw the pandemonium lord
 73729 | D:14     | Noticed a seraph
 73860 | Orc:1    | Noticed Meqyav the pandemonium lord
 73870 | Orc:1    | Killed Meqyav the pandemonium lord
 74095 | Orc:1    | Reached skill level 18 in Invocations
 74520 | Orc:1    | Gained mutation: You are vulnerable to cold. (rC-) [a
                  | neqoxec]
 74716 | Orc:2    | Gained mutation: Your body often deteriorates upon taking
                  | damage. [a cacodemon]
 74739 | Orc:2    | Lost mutation: You are somewhat resistant to further
                  | mutation. [potion of mutation]
 74739 | Orc:2    | Lost mutation: Your spells are a little easier to cast, but
                  | a little less powerful. [potion of mutation]
 74739 | Orc:2    | Gained mutation: You are strong-willed. (Will+) [potion of
                  | mutation]
 74739 | Orc:2    | Gained mutation: You are very agile. (Dex +8, Str/Int -2)
                  | [potion of mutation]
 74740 | Orc:2    | Lost mutation: You passively map a small area around you.
                  | [potion of mutation]
 74740 | Orc:2    | Lost mutation: Your body often deteriorates upon taking
                  | damage. [potion of mutation]
 74740 | Orc:2    | Lost mutation: You are strong-willed. (Will+) [potion of
                  | mutation]
 74740 | Orc:2    | Gained mutation: Your muscles are strong. (Str +4, Int/Dex
                  | -1) [potion of mutation]
 74740 | Orc:2    | Gained mutation: Your spells are a little easier to cast,
                  | but a little less powerful. [potion of mutation]
 74740 | Orc:2    | Lost mutation: Your mind is acute. (Int +4, Str/Dex -1)
                  | [potion of mutation]
 74785 | Orc:2    | Noticed Wenej the pandemonium lord
 74798 | Orc:2    | Killed Wenej the pandemonium lord
 74799 | Orc:2    | Reached skill level 19 in Invocations
 74888 | Orc:2    | TOENAIL GOLEM <3>
                  | ERROR: string above had unterminated tag
 74949 | Orc:2    | Noticed Pyej the pandemonium lord
 74967 | Orc:2    | Killed Pyej the pandemonium lord
 75049 | Orc:2    | Noticed Nyxah the pandemonium lord
 75424 | D:12     | Noticed Pustro the pandemonium lord
 75590 | D:12     | Noticed Wamyinus the pandemonium lord
 75614 | D:12     | Killed Wamyinus the pandemonium lord
 75677 | D:12     | Noticed Peuxtent the pandemonium lord
 75688 | D:12     | Killed Peuxtent the pandemonium lord
 75731 | D:12     | Reached skill level 20 in Invocations
 75933 | D:12     | Noticed Wyese the pandemonium lord
 75944 | D:12     | Killed Wyese the pandemonium lord
 76021 | D:12     | Lost mutation: You are very agile. (Dex +8, Str/Int -2) [a
                  | neqoxec]
 76240 | D:12     | Noticed Maosyobe the pandemonium lord
 76249 | D:12     | Killed Maosyobe the pandemonium lord
 76339 | D:12     | Noticed a seraph
 76340 | D:12     | NOPE.
 76367 | D:11     | Noticed Seedgh the pandemonium lord
 76907 | Lair:1   | Noticed Xuluczei the pandemonium lord
 76920 | Lair:1   | Killed Xuluczei the pandemonium lord
 77043 | Lair:1   | Reached skill level 21 in Invocations
 77053 | Lair:1   | Noticed Emuzo the pandemonium lord
 77059 | Lair:1   | Killed Emuzo the pandemonium lord
 77268 | Lair:1   | Noticed a seraph
 77268 | Lair:1   | NOPE.
 77758 | D:10     | Noticed Caped the pandemonium lord
 77771 | D:10     | Killed Caped the pandemonium lord
 77790 | D:10     | Noticed Quiliduc the pandemonium lord
 78167 | D:9      | Reached skill level 22 in Invocations
 78829 | D:9      | Noticed Boodac the pandemonium lord
 78832 | D:9      | Noticed Koughigh the pandemonium lord
 79194 | D:8      | Noticed Ice Pay the pandemonium lord
 79221 | D:8      | Reached skill level 23 in Invocations
 79255 | D:8      | Noticed Ekodocax the pandemonium lord
 79314 | D:7      | Noticed Atouhijo the pandemonium lord
 79331 | D:7      | Killed Atouhijo the pandemonium lord
 79553 | D:7      | Noticed Izaular the pandemonium lord
 79567 | D:7      | Killed Izaular the pandemonium lord
 79667 | D:7      | Noticed Geunetz the pandemonium lord
 79687 | D:7      | Killed Geunetz the pandemonium lord
 79717 | D:7      | Reached skill level 24 in Invocations
 80220 | D:7      | Gained mutation: You have hidden genetic defects. [a
                  | cacodemon]
 80742 | D:7      | Noticed a seraph
 80744 | D:7      | NOPE.
 82113 | D:6      | Noticed Faanegom the pandemonium lord
 82122 | D:6      | Killed Faanegom the pandemonium lord
 82195 | D:6      | Noticed Qetof the pandemonium lord
 82217 | D:6      | Killed Qetof the pandemonium lord
 82218 | D:6      | Reached skill level 25 in Invocations
 82489 | D:6      | Lost mutation: You are agile. (Dex +4, Str/Int -1) [hidden
                  | defects]
 82664 | D:6      | Noticed Kain the pandemonium lord
 82672 | D:6      | Killed Kain the pandemonium lord
 82733 | D:6      | Noticed Lalaoniu the pandemonium lord
 82758 | D:6      | Killed Lalaoniu the pandemonium lord
 82877 | D:6      | Noticed Qaott the pandemonium lord
 82895 | D:6      | Killed Qaott the pandemonium lord
 83537 | D:6      | Gained mutation: You have terrible hidden genetic defects.
                  | [hidden defects]
 83537 | D:6      | Lost mutation: You have terrible hidden genetic defects.
                  | [hidden defects expressed]
 83538 | D:6      | Lost mutation: Your spells are a little easier to cast, but
                  | a little less powerful. [potion of mutation]
 83538 | D:6      | Lost mutation: You are vulnerable to heat. (rF-) [potion of
                  | mutation]
 83538 | D:6      | Lost mutation: You have hidden genetic defects. [potion of
                  | mutation]
 83538 | D:6      | Gained mutation: You are agile. (Dex +4, Str/Int -1)
                  | [potion of mutation]
 83538 | D:6      | Gained mutation: You have hidden genetic potential. [potion
                  | of mutation]
 83538 | D:6      | Gained mutation: You expend magic power (3 MP) to
                  | strengthen your wands. [potion of mutation]
 83675 | D:6      | Noticed Kamm the pandemonium lord
 83688 | D:6      | Killed Kamm the pandemonium lord
 83954 | D:6      | Noticed Daugaz the pandemonium lord
 83960 | D:6      | Killed Daugaz the pandemonium lord
 83999 | D:6      | Reached skill level 26 in Invocations
 84011 | D:6      | Noticed a seraph
 84014 | D:6      | NOPE.
 84798 | D:4      | Noticed Mozaetud the pandemonium lord
 84810 | D:4      | Killed Mozaetud the pandemonium lord
 84822 | D:4      | Noticed Kemeid the pandemonium lord
 85055 | D:3      | Noticed Uceqihab the pandemonium lord
 85066 | D:3      | Killed Uceqihab the pandemonium lord
 85171 | D:3      | Noticed Bivor the pandemonium lord
 85179 | D:3      | Killed Bivor the pandemonium lord
 85220 | D:3      | Noticed Ucloet the pandemonium lord
 85235 | D:3      | Killed Ucloet the pandemonium lord
 85278 | D:3      | Noticed a seraph
 85280 | D:3      | NOPE.
 85534 | D:2      | Noticed a seraph
 85535 | D:2      | NOPE.
 85682 | D:1      | Reached skill level 27 in Invocations
 85847 | D:1      | Noticed Mishrudd the pandemonium lord
 85871 | D:1      | Killed Mishrudd the pandemonium lord
 85964 | D:1      | FOR IGNIS! ;_;7
 85965 | D:$      | Escaped with the Orb!

Illustrated notes .... ##########.########## #..#.............#..# >. #.#...............#.# #. ##.......#.#.......## #!. #......#.#.#[#......# #.. #.....##.#.#.##.....# #...#.......⌠#.#⌠.......# #...#..#######@#######..### #.........[...<...........# ......#..#######.#######..#...# ..... #.......⌠#.#⌠.......# #.# .... #.....##.#[#.##.....# # ..# #......#.#.#.#......# . ##.......#.#.......## #.#...............#.# #..#(............#..# Turn 107 on D:1: Starting vault: layered + in a picture frame .............O..>........# #........#######.####.#### ##.........# #......# #..)......# #..##..# #.........# #O.##..# #.........# #..##..# #.........#####..##..# #.............S..##.## #########......@†.#.# #...(....##.# #.)......##.# #######..##.# ###########..##.# #............##†# #............##.# #...............# #.#########)†.### Turn 4791 on D:6: Found a manual of axes over here. .......# #......# .# #......######.#### #...............# #####..†............# #...................# ######.###......⌠........# .........................# ..............⌠.@.⌠......# .........................# ................⌠........# .........................# .........................# .........................# ..........################ ..........# ..........# Turn 5691 on D:7: Temple entrance: 4 sparkling water fountains

#####≈≈≈≈≈≈≈≈≈≈≈≈≈≈≈≈≈≈≈≈≈≈≈≈≈≈≈≈
#####≈≈≈≈≈≈≈≈≈≈≈≈≈≈≈≈≈≈≈≈≈≈≈≈≈≈≈≈
#####≈≈≈≈≈≈≈≈≈≈≈≈≈≈≈≈≈≈≈≈≈≈≈≈≈≈≈≈
#####≈≈≈≈≈≈≈≈≈≈≈≈~~~~~~~≈~~~≈≈~~≈
#####≈≈≈≈≈≈≈≈≈≈≈≈~###~####~~.~~##
#####≈≈≈≈≈≈≈≈≈~~~≈.8~_~8~_.8~_~.~
#####≈≈≈≈≈≈≈≈~#~~~#...~~~.~..~~~~
#####≈≈≈≈≈≈≈≈~..~8..~~~.~~...~~..
#####≈≈≈≈≈≈≈≈~~.@.~.~~.~.~.~~.~..
#####≈≈≈≈≈≈≈≈≈#8~.~~~.~~...~~..~.
#####≈≈≈≈≈≈≈≈≈.~~~~....~.~..~..~.
#####≈≈≈≈≈≈≈≈~~≈≈~.8~_..~_~.._~8~
#####≈≈≈≈≈≈≈≈≈≈~≈~~.~#..~~.###~..
#####≈≈≈≈≈≈≈≈≈≈≈≈~~≈≈~~~~≈~≈≈≈≈~≈
#####≈≈≈≈≈≈≈≈≈≈≈≈≈≈≈≈≈≈≈≈≈≈≈≈≈≈≈≈
#####≈≈≈≈≈≈≈≈≈≈≈≈≈≈≈≈≈≈≈≈≈≈≈≈≈≈≈≈
#####≈≈≈≈≈≈≈≈≈≈≈≈≈≈≈≈≈≈≈≈≈≈≈≈≈≈≈≈


Turn 6018 on Temple: Temple: flooded ruin ,,,,***,,,,,,,,* #............# ,,,**
*,,,,,,,,* #............# ,,,** *,,,,,,,,* #............#*
,,,,***,,,,,,,######...........P# ,,,,,,,,*,,,,*#≈≈≈###.###.......#
*,,,,,,,*#*,*##≈≈≈# #.# *#......* *,,,,,,,*#..##≈≈§≈###.# *#....#*
,,,,,,,,,.............# *,....#* ,,,,,,,,,#......@.....#* *,.....*
,,,,,,,,*######≈∩####..#***,,!.** ,,,,,,,,***** #### #..#,*,,,,,*,
,*,,,,,,,,,,*** ##...,,,,,,,* ,****,,,,,,,,,**** *....,,,,,** ,* *,,,,,,,,,*,,*
*.....,**** ,* **,,,,,,,,,,,,* *.....*,* ,* *,,,,,,,,,,,,,* *,,,,,*** ,*
**,,,,,,,,,,,,* *,,,,,** Turn 9946 on Lair:2: It's in the southeast. *,*
*,,,,,,,* **,**,**,,* *,* *,......#***,**∩**,,* ****,* *,,.....**,,,*****,,*
,,,,,* *,,.....**,*,*****,,* ***#.#***###,,,...,**,*,,,,,,,,*
#..,,,?..,,,...,,,,,,,,,,,,,* #.#***#.#***#.#****,*******,* #.# #.# #.# *,* *,*
#.# #.# #@# *,* *,* #.# #.# #.# *,* *,* ####.#####.#####.#####.*******,*
........................,,,,,,,* ########################******** Turn 17863 on
D:14: In the southeast. #........ #........ #........ # #........ #. #........
#..###+#####+###........ ........................ #.......................
#......@................ #................####### +........|.......#
#.............##+# #...######....# #... #.#### ... #.# .. #.# #.# Turn 19548 on
D:15: This is just pandering to me. B) ## ########## ##..#.#......#####
##................## .........#.........# ....#.........#....#####
......####..........#.## ....#.)......#.#........ ....o.o.........#..#....
....oo.@......#.#....... .#..8ooo.#....##........ ......##.......#....#...
#....# ..#.#...##.....#. .∩... .................. .∩.. ..........#....... #..#
..#............... #.. .8.##...#.#......... .#....#....8...o...... Turn 21809 on
Orc:2: Never seen this Desolation of Salt ending before.
.........#......#.......#######'# .........#......#.......#...##...
.........#......#.......#...##... ##.......##....##.......#...##...
.##########....###'######...##... ...............#............##...
.............))#.......##...###+# .......<......)#.......##..(.....
............#.)#@...#.........### .#.#.......#.#.......#.....#...##
..####.....###.....####....####.. .#.###..#...##.....#.#..#....#...
.#..#..#.#..#..###..#..###..#..## .#....####.....####...## ##...##
.#.....#.#..#..#.#..#..###..#..## .#.........###..#..###..#...##..# .#........##
#....####....####... Turn 22869 on D:9: Vault: sandy place #T.T....# #.....(.#
........# ........# #.......# #......# .#......# .#.yy..@# ?#......# +......+
#...y..# .#.###### .# Turn 33041 on Depths:1: Bring on the rElec! Spark Wasps
will welcome you to the Depths. :) #########.# #........ ..........# #........
..######### #........ .## ##########........ .# #................. ##
#.################ #.# # ################.################
................@............)... ~~~≈≈≈~~≈≈~~≈~~....~≈~~~~≈~≈~≈[≈~
≈~≈≈≈≈≈≈≈≈~≈≈≈~....≈≈≈~~~≈≈≈≈≈≈≈~ ###≈~~~~≈~~~≈≈~....[~~~~~~~≈[~~##
..#................)[..........#. ..#############''''#############.
#'#...#.......#....#.......#.†.#' #...#.#.......#..)[#....)..#.#...
#.#...#......('...('..÷..)(#...#. Turn 36124 on Depths:2: Southern part of the
floor has a giant fortress. #...~~≈~........ #......~......<[ #..............~
#............... #.......#####... #.......#####.[. ####......##...#[)(
#§§Y......##.>.#... #.@...######...#... ###############.....######.#.#...
...#......~≈≈~......##........... ........#.~≈≈~......##.>.#.8.#)⌠.
........#..~≈~....^.##........... ...........~≈~.....#######.#.#...
...........≈≈~......## #...#... ..###..~~~≈~~...)#.#.# #.>.#... ###
#..~~≈≈≈~.#..#...# #...#... Turn 37074 on Depths:3: Playing a bit recklessly.
.........#.......#♣..♣#..## # #........##......#♣..♣#..######
.[....####...#####♣..♣##..##..### .)...###.#...#♣♣♣♣...♣#....#.....
.....##......#♣......♣#.......#.. .....##......#♣......♣#.......#..
.....#.....P.#♣..≈≈..♣#...~...... .....##......#♣..≈≈..♣#....~≈....
..#####..#####♣.@....♣##......... .###.#...#♣.♣♣.......♣##.........
.#....P..#♣..........♣#.......... .##......#♣..........♣#..........
.##....P.#♣..........♣#.........# .##÷♣....#♣..(.......♣#.......)..
##...#'###♣..P..♣....♣#~~.....†.. ##...'.........♣.....♣#~.........
.....#[♣...P..♣......♣#~.....~~.. Turn 37494 on Depths:3: Lair-themed vault.
#........,...,,**,,**,,* *,, #......,,*###*,**,,**,,* *,,
##....#***##.##,**,,**,,* *,, #.....##,##...#,**,,**,,***,,
##.....#.,.#.⌠.#,,*,,**,,,,,,, ##...#..#.♣.#...#,,,,,,,,,,,,,,
##..#.##.#...##.##,,*,,,,,,,,,,, #.....#..##.##...#.##..**,,,,,,,
#.##.....'...'.@.#.....**,,,,,,, #.###.#..##.##...#.....**,,,,,,, #.#
#.##.#...##.##.##..#*,,,<,,, #.# #.#..#.♣.#...#.#*..#*,,,,,,, ##.#
#....#...#.⌠.#.#*..#*,,,,,,, #..# #....##.##...#.##..#*,,,,,,,
#.####....######.##.....##..,,,,, #.............#####........,,,,,,
####..................+#***,,,,,, Turn 38058 on Depths:4: It's in the west; it
is not easy to reach, with all of those spriggans that spawn right next to the
exterior. ,**********#############....# ,,,,,,,,*,,,,,,,,,.........)#
,,*,,,,,*,,,,,*,,,.......#..# ,,*,,,,,*,,,,,*,,,.......#..#
,,**###########,,*###....#..# ,,,,..........#,,,,,#....#..#
,,,,..........#,,,,,#....#..# ############).####,,#....#..#
.....|..........@#,,*,,,,#..# [....)...........#,,*,,,,#..#
|.#######..#..#..#,,*,,,,#..# ........#.....#..#,,*,,,,#..#
.....)..#|....#..#,,*,,,,#..# ######..####..#..#,,*,...#..#
...........#..#..#,,*,,..#..# .....).....#..#..#,,*,,..#..#
..#..#..#..#..#,,*,,*,,..#..# Turn 53245 on Vaults:5: In the southeast quadrant.
.# #. #. .. # . . #. ## .#.. ... #. .#...# #..#.#...# #..@..# #...#......
..._... ....# #....#.#.# ..#. ...#..# .. ..# .. ... ### ## . . .. #...# Turn
60840 on Abyss:5: I read a teleport scroll several turns before grabbing it. I
got it on the last possible turn! ##°## ##....#...##....#..D. #..#
##......#..#.^.8.#..d. #..###.......#..##....#.... #.###...##..##..#......#...
#.##.#..#...##..##......### #...##...#..##(..##..<.....
#...#.......##...##.^....8. #...........##....##.......
#..#......@..#.....###..... #..##...............####...
#..###.......>........##^.^ ##..##.....................
##..#.......#.....#..⌠.... ##........##....##....... ##........#.#...#...⌠...
##.........##.......... ##.................... Turn 67702 on Zot:4: >Gee, I
wonder what that pressure plate would do... #.# *,* #...+........ #.# *,*
#.#.#...^.... #.# #.####.#.#........ *#########)# #........#....^...
,.......<..# ######.###........ *########..# #.# #........ #..##########.#
#........ #....)........# #........ #######)@.#.### #........ #.....# #..^.....
##.).## #.<.).... ##### ######### Turn 67872 on Zot:5: Step on the pressure
plate over here if you want to SUFFER MORE. # #†# #.# #.# #........... #
###.###.# #.# #.######.#.# ###.......# #.# #.# #.#.# '.........# #.# #.# #.#.#
###.#####.# #.# #.# #.#.# # #.# #.# #.# #.# #.... # #.# #.# #.#####+#### ##### #
#.# #.# #.#........####### # #.# #.# ###@#........#...... #.# #.#
#...+........#.##### #.# #.# #.#.#...^....#.# #.# #.####.#.#........#.# ###)#
#........#....^...+.##### .<..# ######.###........#...... ##..# #.#
#........####### #..##########.# #........# #....)........# #........# Turn
68000 on Zot:5: ON A 3% CHANCE ,,,**** ****,,,,, ******** *▓▓▓****** ,,,^^,,***
*##..^,,,,,, ,,,**,,,.#* *#?...**,,,,, ,,,,***...###########...#**,,,,,,
,,,,,**#.............^.#**,,,,,,, ,,,,,* *#.............#* *,,,,,,, ^,,,,*
#.............# *,,,,,,, ,,,,,* *#......@....#* *,,,^,,, ,,,,,* #...........#
*,,,,,,, ,,,,,* ##...........## *,,,,^,, ,,,,** #.............# **,,,,,, ,,,**
##.............## **,,,,, ,,** #...............# **,,,, #**
########.########▓▓▓▓##### # #..# #............ # #.## #............ Turn 68379
on Zot:5: BLOODY HELL THE TRAP ##..................##. #.....#.........#.#....
#....##........#####^.. #...##..........##..... #....................## ###
##.#.................## #.#######........#####......## ###.#....##..#<....#
#......### ##.#.........#).@.######......### #<...........#..9††.#..........#.
##....#..[......##..#.....#...... #...###..[).....###.......#......
.....####.[)..#####......###..... ......##.......##.........##.....
..#..###...#.<.##........##...... #.#........#........###.=.#..####
####.......#......####...>..## # Turn 74888 on Orc:2: TOENAIL GOLEM <3
#......).'.........'......## #.#...####.........####....# #.##.## ##.......##
#..##. #.#### ##.....## #.#### #.# ##...## #># #.# ##'## #)# #.# #.# #.# #.#
########A# #.# #.# #....@...## #.# #.# #.#####).)## #.# #.# #.# #.....## #.#
##.## #.# ##.....#####.# #.#.####.#####...).......# ##.................#######
#######.....?....## ############ Turn 76340 on D:12: NOPE.
.............#^............# .............#.............#
................#.##.####### .............####...### #.##....###### ###.#.#
#####..## #...## #..## ####..## ###'###### ###.###..#### ##........#
#@..........# ##........######..........## ##...........#............#
..........##..)...........# ##........###..#..........# .+........#
####A)........# ##.....(..## #..........# #........P# #.A........# ######'####
######.##### Turn 77268 on Lair:1: NOPE. ..####.........# #......#
...............# ##...... ..####.....|...# #####..÷... ..# #.........#
#.......... ..# #.........########.###...... ..# #.........#.................
..# #.........)...............⌠. ..# #.........#X))..............
..####.........#@................ ............>.)#))...............
...............#).)..)........... .≈...#.........#.................
'#≈..###########...........###### ≈≈≈≈.# #...........# ≈#≈≈.# #...........#
≈≈≈≈≈# #.....AAA...# ≈≈.≈.# #...........# Turn 80744 on D:7: NOPE.
......#.#....###.....# ......#.#.....######## #####...#........ #..>..# #..A##
####### #..A.## ####A)## #A..# #)#.## #@##.## #.###.# ### ### Turn 84014 on D:6:
NOPE. ...............>...........#..... .........A.....##................
..........A...............#....## .....##..........###.............
.....##.....A....##.............. .....##..........#...............
.....##.........))#°............. .....##..........##........##....
.....##.)..####.@##........#####' #######....# #.####........##.... #....##.#
#........##.### #....#.# #........##.# ####### #######.....# ####### Turn 85280
on D:3: NOPE. #................#.......# #............#.###.#'###.#
#.......##'#.#.# #.#..##.# ##########.#.#.# #....##.# #..A..# ####)...#
###################.#####...##### .......................##...#
...##############.#.##.##...# ...# #.......@.#.##..'...# ...#
#(####..#.#.#####...# ...# #....#..#)#)...##...# ...# #....#..#.#.........# ####
###.#....#.#.###.##### # #..)...#.....# #.# ########.#.#..#.#.#####.#########
#......#.#......#................ #.####.#'#..#...#######.########. Turn 85535
on D:2: NOPE. .....###########.##########.#.###
......#..#.............#..#.#.... ..>...#.#...............#.#......
###...##.......#.#.......####.### #...#......#.#.#[#......# #.# #
###.........##.#.#.##.....# #.# # .##...#.......⌠#.#⌠.......# #.# #
..#...#..#)#..##○#######..###.# # ..#.......).[.°☼@°.....1....#.# #
......#..#.#.#°☼○#######..#...### ......#......○⌠.○#⌠.......###.##.
......#......#○#[..##.....# #.##. ..#...#......#.....#......# #.##.
..#...##.......#.#.......## #.##. ..#...#.#...............#.# #.##.
..#...#..#(............#..# #.##. ..#...##########.############.... Turn 85964
on D:1: FOR IGNIS! ;_;7

Levels and vault maps discovered:
D:1:      matt_arrival_grand_opening, layout_basic, serial_shops, shop
D:2:      layout_basic, minmay_tromino_mix6
D:3:      layout_basic, chequers_ecumenical_altar_simple
D:4:      layout_basic, lemuel_zombie_altar_kikubaaqudgha,
          nicolae_dithmenos_shadow_blocks
D:5:      layout_loops_cross, chequers_temple_overflow_minitemple,
          lemuel_crystal_altar, marbit_many_paths, gup_sewer_entry_bubbles
D:6:      layout_basic, kennysheep_mini, nrook_mini_vaults,
          minmay_manual_monolith, uniq_grinder
D:7:      layout_basic, nicolae_qazlal_general_emergency, temple_fountains,
          guppyfry_early_elven_hall
D:8:      layout_loops_ring, minmay_crystal_water, minmay_misc_feat_plants,
          water_boxes_lemuel, uniq_maggie, uniq_grum, uniq_pikel
D:9:      hellmonk_destroyed_diamonds, layout_stronghold, enter_bailey_2,
          uniq_erolcha
D:10:     layout_roguey, mainiacjoe_overflow_six_doors_small, lair_entry_dummy
D:11:     layout_basic, kennysheep_generic_room_10, uniq_nergalle
D:12:     layout_loops_corners, erik_orc_1
D:13:     layout_roguey, vehumet_statue, uniq_sonja
D:14:     layout_small_grid, skrybe_vaults_entry_preservation,
          gauntlet_entry_generic, doesnt_xom_only_xom,
          nicolae_shop_i_like_small_books_too, uniq_snorg
D:15:     grunt_enter_depths_giant_problem, layout_irregular_city
Temple:   chequers_temple_sunken
Lair:1:   layout_roguey, chequers_serial_rivers_room_a
Lair:2:   layout_cellular_growth, minmay_shoals_entry_hut,
          nicolae_volcano_entry_hallway
Lair:3:   regret_index_harrowing_hell_hive, layout_cave_pods,
          nicolae_spider_entry_lesser_pyramids, grunt_megastairs_2,
          serial_bayou_shore_a, infiniplex_staircase_pool_2, uniq_rupert
Lair:4:   layout_cave_pods, slime_entry_1, lemuel_centaur_altar
Lair:5:   hangedman_lair_caniforms_friends, layout_gridlike, wormcave,
          cheibrodos_lair_lostbears
Shoals:1: cheibrodos_shoals_gigantism, layout_shoals, uniq_nikola, uniq_donald
Shoals:2: layout_shoals, ebering_ghost_inner_flame, uniq_polyphemus
Shoals:3: cheibrodos_shoals_satyrical_garden, layout_shoals
Shoals:4: shoals_end_hangedman, layout_shoals
Spider:1: layout_spider_delve, uniq_frances, uniq_agnes, uniq_azrael
Spider:2: layout_spider_delve, drop_trap, hangedman_spider_tarantella_strand,
          nicolae_spider_cling_halls
Spider:3: layout_spider_delve, spiders_nest_spider_trap, uniq_mlioglotl,
          uniq_roxanne
Spider:4: hellmonk_spider_rune_bug_friends
Orc:1:    layout_caves, serial_shops, shop_scrolls,
          gammafunk_ghost_abyssal_escape
Orc:2:    hellmonk_orc_salted, layout_diamond_mine, minmay_orc_temple_b
Elf:1:    layout_onion_city, evilmike_minifort
Elf:2:    elven_hall_of_blades_hangedman_alternative
          [nicolae_blade_entry_sentries_behind_glass], layout_geoelf_grid,
          serial_shops, shop, basic_altar
Elf:3:    nooodl_elf_gasket, layout_geoelf_castle
Vaults:1: nicolae_vaults_puzzle_piece, ontoclasm_vaults_twist,
          nicolae_vaults_network_quinsquares
          [nicolae_vaults_network_quincunx_subvault,
          nicolae_vaults_network_quincunx_subvault,
          nicolae_vaults_network_quincunx_subvault,
          nicolae_vaults_network_quincunx_subvault], nicolae_vaults_prndl,
          nicolae_vaults_little_squares_2, vaults_room_octagon,
          nicolae_vaults_hexular_roomagon, nicolae_vaults_little_ls, v_misc_32,
          nicolae_vaults_trapezoid_layered, nicolae_vaults_heart-shaped_vault,
          nicolae_vaults_three_branches, hangedman_vaults_cutoff,
          layout_vaults_big_cross, serial_hangedman_research,
          hangedman_research_thanatology, hangedman_research_convocations,
          hangedman_research_quantum, hangedman_research_metamorphosis,
          hangedman_research_geology, uniq_asterion
Vaults:2: nicolae_vaults_storage_room_water, ontoclasm_vaults_shuriken,
          vaults_room_door_ring, minmay_crypt_entry_simple_corners,
          nicolae_vaults_cochlea, nicolae_vaults_storage_closets_2,
          nicolae_vaults_murder_corner, nicolae_vaults_mini_display_case,
          nicolae_vaults_yaktaur_gun_rack, v_misc_5,
          nicolae_vaults_little_squares_3, hangedman_vaults_restitches,
          nicolae_vaults_double_plus_3, vaults_dpeg_emergency_exit,
          vaults_dpeg_encased_lava, layout_vaults_omnigrid, uniq_margery,
          uniq_aizul
Vaults:3: nicolae_vaults_alarming, nicolae_vaults_network_square,
          nicolae_vaults_shrinking_rooms_1, vaults_mumra_lcd,
          nicolae_vaults_trapezoid_3, ontoclasm_vaults_decontamination,
          nicolae_vaults_trapezoid_lopsided_2, dpeg_vaults_monster_row,
          v_misc_28, ontoclasm_vaults_loading_screen, vaults_room_semicircle,
          nicolae_vaults_turnstiles, vaults_room_stairs_pillars,
          ontoclasm_vaults_loading_screen, vaults_dpeg_cross,
          nicolae_vaults_tetromino_T_2, layout_vaults_ring, serial_shops, shop,
          shop, shop, nicolae_shop_tiny_glass, nicolae_book_shop_shelving,
          uniq_zenata
Vaults:4: vaults_standard_mumra_enter_the_diamond,
          nicolae_vaults_security_offices_1, nicolae_vaults_angled_halls,
          nicolae_vaults_cochlea, nicolae_vaults_storage_closets_1,
          nicolae_vaults_apartment_1, nicolae_vaults_more_shelving_2,
          nicolae_vaults_house_1, layout_vaults_maze_snakey, serial_shops,
          nicolae_shop_waterfront
Vaults:5: serial_shops
Crypt:1:  layout_chaotic_city, nicolae_nh_vlads_tower
Crypt:2:  layout_gridlike, gammafunk_ghost_spectres, due_unseen_surprise,
          grunt_megastairs_1, uniq_mennas
Crypt:3:  church_of_pain_bobbens, layout_chaotic_city
Depths:1: layout_gridville, grunt_mini_vestibule, gammafunk_ghost_cemetery,
          guppyfry_shop_venom
Depths:2: lemuel_castle_with_subvaults [lemuel_castle_interior_carwin_3],
          layout_basic, minmay_misc_feat_hallway, rand_demon_pan_entry_4,
          serial_shops, shop, grunt_hell_entry_dis_old, minmay_staircase_bubble
Depths:3: hangedman_hanging_gardens, layout_cave_pools, hell_entry,
          hangedman_abyss_entry_splay, nicolae_elevator_lobby_plus,
          infiniplex_staircase_river
Depths:4: grunt_zot_entry_tricorne, layout_long_grid, enter_ziggurat_a,
          ebering_dispersal_statue_hall, mu_enter_wizlab_2, pan_entry,
          hell_entry, uniq_enchantress
Zot:1:    layout_misc_corridors, gammafunk_ghost_ooze
Zot:2:    layout_twisted_circle
Zot:3:    layout_concentric_octagons, lemuel_lake_of_fire
Zot:4:    ebering_klown_carousel, layout_onion_interference, zot_minivault_5,
          uniq_josephina, uniq_parghit, uniq_grunn
Zot:5:    layout_gridlike, drop_trap

Skill      XL: |  1  2  3  4  5  6  7  8  9 10 11 12 13 14 15 16 17 18 19 20 21 22 23 24 25 26 27 |
---------------+----------------------------------------------------------------------------------+-----
Long Blades    | 4 5 6 8 10 12 13 15 17 19 21 22 23 24 25 | 25.1
Fire Magic     | 4 |  4.7
Stealth        | 1 2 3 5 6 7 9 12 | 12.0
Fighting       | 4 5 7 8 9 10 11 13 14 17 19 21 22 24 25 | 25.0
Dodging        | 1 3 5 7 9 10 12 13 15 | 15.0
Armour         | 2 4 5 8 10 13 14 16 17 19 | 19.4
Evocations     | 1 2 4 6 8 9 10 12 | 12.0
Throwing       | 4 6 |  6.0
Shields        | 3 11 15 19 25 | 25.0
Invocations    | 3 6 27 | 27.0
Spellcasting   | 4 |  4.9
Ranged Weapons | |  0.2
Summonings     | |  0.2

Action                     |  1- 3 |  4- 6 |  7- 9 | 10-12 | 13-15 | 16-18 | 19-21 | 22-24 | 25-27 || total
---------------------------+-------+-------+-------+-------+-------+-------+-------+-------+-------++-------
  Melee: Falchion          |    63 |   132 |   294 |   167 |    24 |     4 |       |       |       ||   684
         Kick              |    13 |    22 |    79 |   158 |   356 |   414 |   658 |   765 |  2536 ||  5001
         Peck              |     8 |     9 |    48 |    92 |   226 |   248 |   410 |   499 |  1587 ||  3127
         Punch             |       |       |     5 |     3 |     1 |       |     1 |       |       ||    10
         Unarmed           |       |       |     3 |       |       |       |       |       |       ||     3
         Triple sword      |       |       |       |   344 |   941 |  1033 |  1372 |   628 |       ||  4318
         Long sword        |       |       |       |       |       |       |    18 |   837 |  4456 ||  5311
         Scimitar          |       |       |       |       |       |       |    12 |       |       ||    12
  Throw: Throwing net      |       |       |     1 |       |       |       |     1 |       |       ||     2
         Dart              |       |       |       |       |       |       |    26 |       |     8 ||    34
   Cast: Scorch            |    10 |     3 |       |       |       |       |       |       |       ||    13
         Passwall          |       |       |       |       |       |       |       |       |     1 ||     1
 Invoke: Rising Flame      |       |       |       |       |       |       |       |       |     1 ||     1
  Evoke: Wand              |       |       |     5 |     7 |     3 |    26 |    19 |     5 |    55 ||   120
         Lightning rod     |       |       |       |       |       |       |     5 |     4 |     8 ||    17
         Phial of floods   |       |       |       |       |       |       |       |       |     1 ||     1
         Box of beasts     |       |       |       |       |       |       |       |       |     1 ||     1
    Use: Scroll            |       |    17 |     6 |    12 |    11 |    15 |    20 |    12 |    51 ||   144
         Potion            |       |     2 |     3 |     4 |     3 |    10 |     4 |     6 |    51 ||    83
   Stab: Held in net/web   |       |       |     1 |       |       |       |     1 |       |       ||     2
         Invisible         |       |       |       |     8 |       |       |       |       |     7 ||    15
         Sleeping          |       |       |       |       |     5 |     2 |       |     1 |     2 ||    10
         Petrified         |       |       |       |       |     2 |       |    15 |       |       ||    17
         Distracted        |       |       |       |       |     2 |       |       |     3 |     4 ||     9
         Petrifying        |       |       |       |       |       |       |     2 |       |       ||     2
         Confused          |       |       |       |       |       |       |       |       |     1 ||     1
 Armour: Ring mail         |     3 |       |       |       |       |       |       |       |       ||     3
         Robe              |     8 |    28 |    64 |    14 |       |    14 |       |       |       ||   128
         Skin              |       |    64 |       |       |       |       |       |       |       ||    64
         Leather armour    |       |       |    53 |    12 |       |       |       |       |       ||    65
         Acid dragon scale |       |       |       |    99 |   199 |    29 |       |       |       ||   327
         Plate armour      |       |       |       |       |    75 |   220 |   599 |   369 |   428 ||  1691
         Troll leather arm |       |       |       |       |       |       |       |     5 |       ||     5
         Gold dragon scale |       |       |       |       |       |       |       |       |   334 ||   334
  Dodge: Dodged            |    27 |    66 |   178 |   379 |   735 |   783 |  1088 |   783 |  1402 ||  5441
  Block: Kite shield       |       |       |       |       |       |       |       |   537 |   611 ||  1148
         Tower shield      |       |       |       |       |       |       |       |       |  3318 ||  3318
